 Dungeon Crawl Stone Soup version 0.16-a0-4024-g0ecf4ac (console) character file.

2642011 MarvinPA the Purveyor of Pain (level 27, 284/305 (306) HPs)
             Began as a Naga Earth Elementalist on Feb 17, 2015.
             Was an Initiate of Kikubaaqudgha.
             Escaped with the Orb
             ... and 5 runes on Feb 18, 2015!
             The game lasted 08:08:19 (114147 turns).

MarvinPA the Purveyor of Pain (NaEE)              Turns: 114147, Time: 08:08:19

HP:   284/305 (306) AC: 41    Str: 10 (11) XL:     27
MP:   16/49         EV: 20    Int: 47 (52) God:    Kikubaaqudgha [......]
Gold: 6791          SH: 14    Dex: 24      Spells: 13 memorised, 15 levels left

rFire  + + .     SeeInvis +     v - staff of energy {!a}
rCold  + + +     Clarity  +     P - +3 leather armour of the Seas {rF+ rC++} (curse)
rNeg   + + +     SustAb   .     D - +5 shield {rC+ rF+} (curse)
rPois  ∞         Gourm    .     l - +0 helmet "Pneff" {rC- Int+6} (curse)
rElec  +         Spirit   .     E - +2 cloak (curse)
rCorr  .         Warding  .     T - +2 pair of fencer's gloves {EV+3 Dex+6 Slay+2} (curse)
rMut   .         Stasis   .     m - +6 lightning scales {run, rElec} (curse)
MR     +++++                    Y - amulet of Eternity {+Rage Int+5 Dex+3} (curse)
Stlth  +.........               Q - +4 ring of protection (curse)
                                G - ring of Mnevy {Contam MR+ Int+7 Dex+2 Stlth+} (curse)

@: brilliant, liquid flames, lich-form, glowing, slow, almost entirely resistant
to hostile enchantments, very unstealthy
A: spit poison, constrict 1, rugged brown scales 1, see invisible, clarity,
clever 1, deformed body, magic resistance 1, mutation resistance 1, poison
resistance, slowness 2, AC +9
a: Spit Poison, End Transformation, Renounce Religion, Evoke Berserk Rage
0: Orb of Zot
}: 5/15 runes: serpentine, barnacled, slimy, silver, abyssal


You escaped.
You worshipped Kikubaaqudgha.
Kikubaaqudgha was noncommittal.
You were not hungry.
You were a lich.
You visited 13 branches of the dungeon, and saw 66 of its levels.
You visited Pandemonium 2 times, and saw 7 of its levels.
You visited the Abyss 1 time.
You visited 1 bazaar.
You completed 1 ziggurat, and saw 27 of its levels.
You also visited: Labyrinth, Sewer, Ice Cave and Volcano.

You collected 12337 gold pieces.
You spent 5546 gold pieces at shops.


Innate Abilities, Weirdness & Mutations

You cannot wear boots.
You can spit poison.
You can use your snake-like lower body to constrict enemies.
Your serpentine skin is tough (AC +9).
You have supernaturally acute eyesight.
Armour fits poorly on your strangely shaped body.
Your system is resistant to poisons.
You cover ground very slowly.
You are partially covered in rugged brown scales (AC +1, +3% HP).
You possess an exceptional clarity of mind.
Your mind is acute. (Int +2)
You are resistant to hostile enchantments.
You are somewhat resistant to further mutation.


   Skills:
 O Level 27(23.0) Fighting
 - Level 1.0(3.2) Maces & Flails
   Level 1.0(3.2) Polearms
 - Level 10.0(6.1) Staves
 - Level 16.4(12.4) Dodging
 - Level 9.3(5.3) Stealth
 - Level 5.9(2.9) Shields
 - Level 26.3(22.3) Spellcasting
 - Level 16.7(12.7) Conjurations
   Level 3.1(1.5) Hexes
 - Level 4.6(2.3) Charms
 O Level 27(23.0) Necromancy
 - Level 11.2(7.2) Translocations
 - Level 12.5(8.5) Transmutations
 - Level 11.4(7.4) Fire Magic
   Level 5.3(2.6) Ice Magic
 - Level 1.0(0.5) Air Magic
 - Level 23.7(19.7) Earth Magic
 + Level 25.7(21.7) Evocations


You had 15 spell levels left.
You knew the following spells:

 Your Spells              Type           Power        Failure   Level  Hunger
b - Blink                 Tloc           N/A          1%          2    N/A
d - Repel Missiles        Chrm/Air       ######       1%          2    N/A
e - Apportation           Tloc           #######...   1%          1    N/A
g - Regeneration          Chrm/Necr      ########..   1%          3    N/A
h - Haste                 Chrm           #######.     21%         6    N/A
n - Sublimation of Blood  Necr           #########.   0%          2    N/A
v - Song of Slaying       Chrm           #######.     1%          2    N/A
x - Lehudib's Crystal Sp  Conj/Erth      ########..   1%          8    N/A
z - Bolt of Magma         Conj/Fire/Erth ########..   1%          5    N/A
B - Controlled Blink      Tloc           N/A          13%         7    N/A
C - Shatter               Erth           ########..   4%          9    N/A
L - Borgnjor's Revivific  Necr           #########.   1%          8    N/A
M - Necromutation         Trmt/Necr      ########..   2%          8    N/A

Inventory:

Hand weapons
 b - the +7 Sceptre of Torment
   (You found it on level 3 of the Crypt)
Armour
 l - the cursed +0 helmet "Pneff" (worn) {rC- Int+6}
   (You found it on level 3 of the Crypt)

   It affects your intelligence (+6).
   It makes you vulnerable to cold.
   It has a curse placed upon it.
 m - the cursed +6 lightning scales (worn) {run, rElec}
   (You found it on level 27 of a ziggurat)

   It insulates you from electricity.
   It has a curse placed upon it.
 n - a +2 cloak of invisibility
 p - a +1 cloak of magic resistance
 q - a +2 cloak of magic resistance
 D - a cursed +5 shield of resistance (worn)
 E - a cursed +2 cloak (worn)
 P - the cursed +3 leather armour of the Seas (worn) {rF+ rC++}
   (You bought it in a shop on level 2 of the Snake Pit)

   It protects you from fire.
   It greatly protects you from cold.
   It has a curse placed upon it.
 T - the cursed +2 pair of fencer's gloves (worn) {EV+3 Dex+6 Slay+2}
   (You found it on level 3 of the Elven Halls)

   It affects your evasion (+3).
   It affects your dexterity (+6).
   It affects your accuracy and damage with ranged weapons and melee attacks
   (+2).
   It has a curse placed upon it.
Magical staves
 a - a staff of earth
 v - a staff of energy (weapon) {!a}
Jewellery
 G - the cursed ring of Mnevy (left hand) {Contam MR+ Int+7 Dex+2 Stlth+}
   (You acquired it on level 23 of a ziggurat)

   [ring of stealth]

   It affects your intelligence (+7).
   It affects your dexterity (+2).
   It affects your resistance to hostile enchantments.
   It causes magical contamination when unequipped.
   It makes you more stealthy.
   It has a curse placed upon it.
 Q - a cursed +4 ring of protection (right hand)
 Y - the cursed amulet of Eternity (around neck) {+Rage Int+5 Dex+3}
   (You found it on level 5 of the Shoals)

   [amulet of rage]

   It affects your intelligence (+5).
   It affects your dexterity (+3).
   It lets you go berserk.
   It has a curse placed upon it.
Magical devices
 d - a wand of disintegration (15)
 f - a wand of teleportation (9) {!d@v4}
 h - a wand of hasting (9) {!d@v3}
 B - a wand of heal wounds (9) {!d@v2}
 V - a wand of hasting (7) {!d@v3}
 Z - a wand of digging (14)
Scrolls
 e - 12 scrolls of blinking
 o - 24 scrolls of fog
 u - 34 scrolls of identify {@r1}
 w - 23 scrolls of teleportation {@r4}
 y - 17 scrolls of magic mapping
 H - 28 scrolls of remove curse
 L - 8 scrolls of holy word {!r}
 M - 9 scrolls of recharging
Potions
 i - 13 potions of restore abilities
 k - 6 potions of cure mutation
 r - 10 potions of curing {@q1}
 s - 17 potions of might
 t - 5 potions of magic
 A - 10 potions of heal wounds {@q2}
 J - 7 potions of brilliance
 W - 2 potions of agility
 X - 6 potions of cancellation
Miscellaneous
 c - a phial of floods
 g - a lamp of fire
 j - a fan of gales
 S - a crystal ball of energy
Comestibles
 z - 27 bread rations

Dungeon Overview and Level Annotations

Branches:
Dungeon (15/15)            Temple (1/1) D:7            Lair (8/8) D:10
 Shoals (5/5) Lair:4        Snake (5/5) Lair:5        Slime (6/6) Lair:7
    Orc (4/4) D:9             Elf (3/3) Orc:3        Vaults (5/5) D:14
  Crypt (3/3) Vaults:3       Tomb (0/3) Crypt:3      Depths (5/5) D:15
   Hell (1/1)                 Dis (0/7) Hell            Geh (0/7) Hell
    Coc (0/7) Hell            Tar (0/7) Hell            Zot (5/5) Depths:5

Altars:
Ashenzari
Cheibriados
Dithmenos
Elyvilon
Fedhas
Gozag
Kikubaaqudgha
Makhleb
Nemelex Xobeh
Okawaru
Qazlal
Ru
Sif Muna
Trog
Vehumet
Xom
Yredelemnul
Zin
The Shining One
Beogh
Lugonu

Shops:
D:4 :   D:8 }   D:10 (   Orc:1 (   Orc:3 :(   Orc:4 [:(*   Snake:2 [
Vaults:3 (   Vaults:4 ?   Depths:4 ?

Portals:
Hell: Lair:8 Depths:1 Depths:2 Depths:3 Depths:4 Depths:5
Abyss: Crypt:2 Depths:4
Pandemonium: Depths:3 Depths:4

###.8.....)...#.#.....
#.................####
#.8..##.##........#
#....#..†..#......#
#....†###.........####
#.......†:......#.....
#................#####
##.....††.......#
#...L........##.
#...#.#####....
##.#..# .... ##..## ..
### .


There were no monsters in sight!


Message History

The sticky flame hits you!
You are covered in liquid flames!
Unknown command.
Cast which spell?
The dungeon rumbles!
You kill the hell hog!
Kikubaaqudgha accepts your kill.
You can now receive cadavers from Kikubaaqudgha.
Kikubaaqudgha grants you a gift!
You kill the water moccasin!
Kikubaaqudgha accepts your kill.
Ka-crash!
You are covered in liquid flames!
Unknown command.
Unknown command.
You are covered in liquid flames!
You are covered in liquid flames!
Use which ability? (? or * to list)
Okay, then.
Unknown command.
Use which ability? (? or * to list) Kikubaaqudgha delivers you corpses!
You can no longer receive cadavers from Kikubaaqudgha.
You are covered in liquid flames!
You are covered in liquid flames!
You are covered in liquid flames!
There is a staircase leading out of the dungeon here.
A translucent stone wall.
You are covered in liquid flames!
You have escaped!

Action                   |  1- 3 |  4- 6 |  7- 9 | 10-12 | 13-15 | 16-18 | 19-21 | 22-24 | 25-27 || total
-------------------------+-------+-------+-------+-------+-------+-------+-------+-------+-------++-------
Melee: Unarmed           |     4 |     5 |     3 |       |       |       |       |       |       ||    12
       Rapier            |       |       |    10 |     9 |       |       |       |       |       ||    19
       Demon whip        |       |       |       |   122 |   170 |       |       |       |       ||   292
       Staff             |       |       |       |       |   658 |   827 |   956 |   913 |  3004 ||  6358
       Mace              |       |       |       |       |       |       |       |       |     9 ||     9
 Cast: Sandblast         |    36 |    84 |    96 |   196 |   234 |       |       |       |       ||   646
       Stone Arrow       |       |     5 |   103 |   291 |   197 |    29 |     4 |     1 |     1 ||   631
       Stoneskin         |       |       |     2 |    15 |    36 |    15 |     5 |     6 |    36 ||   115
       Lee's Rapid Decon |       |       |     1 |    11 |    10 |    25 |    17 |    31 |    62 ||   157
       Passwall          |       |       |       |     5 |     6 |       |     4 |       |       ||    15
       Bolt of Magma     |       |       |       |     7 |   175 |   255 |   292 |   216 |   497 ||  1442
       Leda's Liquefacti |       |       |       |       |     3 |     3 |       |     1 |       ||     7
       Petrify           |       |       |       |       |     1 |     2 |       |       |       ||     3
       Repel Missiles    |       |       |       |       |     4 |     4 |     8 |     4 |     7 ||    27
       Blink             |       |       |       |       |       |     1 |     3 |    12 |     2 ||    18
       Phase Shift       |       |       |       |       |       |     2 |     3 |     4 |    33 ||    42
       Apportation       |       |       |       |       |       |     2 |       |       |     2 ||     4
       Iron Shot         |       |       |       |       |       |       |    24 |    65 |    77 ||   166
       Regeneration      |       |       |       |       |       |       |     1 |    12 |    70 ||    83
       Flight            |       |       |       |       |       |       |       |       |     6 ||     6
       Shatter           |       |       |       |       |       |       |       |       |   388 ||   388
       Necromutation     |       |       |       |       |       |       |       |       |   124 ||   124
       Lehudib's Crystal |       |       |       |       |       |       |       |       |    83 ||    83
       Sublimation of Bl |       |       |       |       |       |       |       |       |    61 ||    61
       Controlled Blink  |       |       |       |       |       |       |       |       |    18 ||    18
       Haste             |       |       |       |       |       |       |       |       |    13 ||    13
       Song of Slaying   |       |       |       |       |       |       |       |       |     5 ||     5
Invok: Scrying           |       |       |       |       |     1 |       |       |       |       ||     1
       Transfer Knowledg |       |       |       |       |     1 |     2 |     1 |     3 |     8 ||    15
       Receive Corpses   |       |       |       |       |       |       |       |       |     1 ||     1
 Abil: Spit Poison       |    24 |    26 |    14 |    24 |     5 |     2 |       |       |       ||    95
       End Transformatio |       |       |       |       |       |       |       |       |    13 ||    13
       Stop Singing      |       |       |       |       |       |       |       |       |     1 ||     1
Evoke: Wand              |       |       |       |       |     8 |     3 |     8 |       |    25 ||    44
       Rod               |       |       |       |       |     9 |       |       |       |       ||     9
       Fan of gales      |       |       |       |       |     1 |     1 |     3 |       |     7 ||    12
       Lamp of fire      |       |       |       |       |       |     2 |     2 |       |     3 ||     7
       Phial of floods   |       |       |       |       |       |     1 |     1 |       |     3 ||     5
       Crystal ball of e |       |       |       |       |       |       |       |       |   279 ||   279
       Staff of energy   |       |       |       |       |       |       |       |       |    68 ||    68
       Horn of Geryon    |       |       |       |       |       |       |       |       |     2 ||     2
       Deck              |       |       |       |       |       |       |       |       |     1 ||     1
  Use: Potion            |       |     4 |       |     1 |     8 |       |       |       |    42 ||    55
       Scroll            |       |       |     4 |    29 |    16 |     8 |    15 |    11 |    62 ||   145
 Stab: Sleeping          |       |       |       |     1 |    17 |    16 |    22 |    14 |    32 ||   102
       Distracted        |       |       |       |       |     2 |     2 |     3 |     3 |    10 ||    20
       Petrified         |       |       |       |       |     2 |     7 |       |       |       ||     9
  Eat: Chunk             |     4 |     9 |    21 |    47 |    94 |    84 |    54 |    35 |    21 ||   369
       Fruit             |       |       |     5 |       |       |       |       |       |    10 ||    15
       Pizza             |       |       |       |     1 |       |     1 |       |       |     5 ||     7
       Royal jelly       |       |       |       |       |     4 |       |       |       |    12 ||    16
       Meat ration       |       |       |       |       |     1 |     2 |     1 |       |     6 ||    10
       Beef jerky        |       |       |       |       |       |       |       |       |     4 ||     4
       Bread ration      |       |       |       |       |       |       |       |       |     8 ||     8

Vault maps used:
D:1:      onia_arrival_zoo_common, xom_teletrap_fun
D:3:      portal_sewer_entry_b
D:4:      kennysheep_mini, serial_shops, shop_statue
D:5:      grunt_temple_overflow_open, first_bread, uniq_duvessa,
          uniq_crazy_yiuf_cottage
D:6:      zin_angel, grunt_ministairs_2, hex_medium, hangedman_decor_riveting,
          uniq_edmund
D:7:      minmay_temple_entry_glassed_door, lemuel_flame_loot_1
D:8:      old_standard_altar, serial_shops, shop, uniq_prince_ribbit1,
          uniq_gastronok, uniq_erolcha, uniq_blork_the_orc
D:9:      orc_0_dummy, mrwooster_statue_mirror, kennysheep_generic_room_2
D:10:     erik_lair_boring, serial_shops,
          nicolae_shop_temple_entry_statues_fountains, the_bakery
D:11:     uniq_sonja
D:12:     uniq_urug
D:13:     elyvilon_altar_3, uniq_erica
D:14:     david_vaults_3, infiniplex_staircase_pillars_1, uniq_josephine
D:15:     hangedman_depths_entry_try_elsewhere_first, lemuel_crystal_altar,
          uniq_harold
Temple:   chambers_temple_12
Lair:1:   grunt_megastairs_2
Lair:3:   st_stairs_5, beast_lair_carwin_9
Lair:4:   minmay_shoals_entry_hut, lab_entry_generic, minivault_11,
          beast_lair_carwin_4
Lair:5:   minmay_snake_entry_guardpost_small
Lair:6:   lemuel_fruit_tree, lemuel_fruit_fields
Lair:7:   minmay_lair_oklob_chamber, minmay_slime_entry_eyes,
          portal_ice_cave_entry_dragon, minivault_27
Lair:8:   evil_forest, basic_altar, lemuel_fruit_fields, grunt_megastairs_4
Shoals:1: kb_tengu_band, uniq_asterion
Shoals:2: nicolae_shoals_kraken_intersection
Shoals:4: wheals_shoals_ruined_temple
Shoals:5: shoals_end_simple, shoal_ilsuiw, nicolae_shoals_seven_spires,
          abandoned_shop, nicolae_shoals_mertower, uniq_jorgrun, uniq_snorg
Snake:2:  serial_shops, nicolae_shop_overgrown_old_shop, abandoned_shop,
          serial_bayou_lagoon_a
Snake:3:  kennysheep_six_static_rooms, uniq_norris, uniq_saint_roka
Snake:4:  stair_cage_wide, serial_bayou_shore_b, uniq_aizul, uniq_louise
Snake:5:  snake_pit, basic_stair_grate_trap
Orc:1:    enter_volcano_1, serial_shops, shop, lightli_church_of_beogh
Orc:2:    nicolae_orc_tapped_out, uniq_psyche, uniq_joseph
Orc:3:    serial_shops, shop, shop, basic_altar, nicolae_orc_pool_cavern,
          nicolae_orc_flooded_monolith
Orc:4:    grunt_orc_cross
Elf:1:    hangedman_corner_corridor, amethyst_killhole, uniq_maud
Elf:2:    nicolae_elf_big_sculpture_2, spider_trap, uniq_fannar
Elf:3:    minmay_elf_hall_x
Vaults:1: nicolae_vaults_little_ls, v_misc_15, vaults_dpeg_spiral,
          nicolae_vaults_little_squares_5, v_rooms_4,
          nicolae_vaults_mini_display_case, nicolae_vaults_three_branches,
          uniq_agnes
Vaults:2: vaults_mumra_chevron_long, hangedman_vaults_nodes,
          nicolae_vaults_rhombus_6, kb_rosetta, hangedman_vaults_stitches,
          v_misc_18, hangedman_vaults_slither, vaults_dpeg_hooks,
          v_alt_pattern_2, v_misc_30, uniq_xtahua
Vaults:3: nicolae_vaults_triangles, ontoclasm_vaults_tryst,
          minmay_crypt_entry_nasty_monster, nicolae_vaults_branching_niches,
          ontoclasm_vaults_ring_small, hangedman_vaults_capsules, v_misc_31,
          nicolae_vaults_little_squares_1, nicolae_vaults_gold_heap,
          vaults_room_hallway, ontoclasm_vaults_gateway, serial_shops,
          shop_fountains
Vaults:4: ontoclasm_vaults_shout, ontoclasm_vaults_eye,
          nicolae_vaults_windows_and_doors_thing, hangedman_vaults_stream,
          nicolae_vaults_circle_grid_a, nicolae_vaults_what_the_h,
          vaults_room_pools, vaults_room_grid, ontoclasm_vaults_shuriken,
          ontoclasm_vaults_ligature, stair_cage_open,
          grunt_vaults_hallway_short, vaults_dpeg_encased_lava,
          grunt_vaults_funnel, serial_shops, shop, uniq_mennas
Vaults:5: serial_shops, uniq_margery, uniq_sojobo
Crypt:1:  crypt_curse_skull_rare, crypt_curse_skull, grunt_ministairs_2
Crypt:2:  due_chaos_kobolds, crypt_curse_skull
Crypt:3:  evilmike_haunted_forest
Depths:1: marbit_kobold_abyss_entry, hell_entry, hangedman_aviary
Depths:2: grunt_twisty_corner, hell_entry, hangedman_decor_points, serial_shops,
          bzr_entry_islet, corexii_corridor_pit, infiniplex_staircase_pool_2
Depths:3: minmay_three_patterns, hell_entry, hangedman_decor_lopped,
          rand_demon_pan_entry_5, uniq_boris
Depths:4: evilmike_boring_beetle, serial_shops,
          nicolae_shop_temple_entry_statues_fountains, abyss_entry,
          serial_hangedman_research, hangedman_research_electronics,
          hangedman_research_toxicology, hangedman_research_quantum,
          hangedman_research_metamorphosis, rand_demon_pan_entry_8, hell_entry,
          minmay_fountain_box
Depths:5: evilmike_zot_entry_argh, enter_ziggurat_c,
          hangedman_abyss_or_decor_lesser_grid, lightli_too_deep,
          hangedman_decor_clover_reticule, minmay_gold_behind_fungi
Zot:2:    minmay_elemental_castle
Zot:4:    nicolae_moth_party
Abyss:3:  minivault_27
Pan:      evilmike_mini_pan_diamond, rand_demon_4, grunt_pan_pentagram,
          pan_blood_fountain_small, rand_demon_6, evilmike_mini_pan_3x3,
          nicolae_pan_diamonds, lemuel_draining_boxes
Zig:7:    ziggurat_pillar_centre_smoke
Zig:12:   ziggurat_pillar_centre_k
Zig:14:   ziggurat_loot_3
Zig:18:   ziggurat_pillar_centre_c
Zig:19:   ziggurat_pillar_centre_dead_trees
Zig:23:   ziggurat_pillar_centre_oklobs
Bazaar:   bazaar_outfitter
Sewer:    kennysheep_door_sewer
IceCv:    ice_cave_small_dragons
Volcano:  volcano_village

Notes
Turn   | Place    | Note
--------------------------------------------------------------
     0 | D:1      | MarvinPA, the Naga Earth Elementalist, began the quest for the Orb.
     0 | D:1      | Reached XP level 1. HP: 15/15 MP: 3/3
     6 | D:1      | Noticed a water moccasin
     6 | D:1      | Noticed a black bear
     6 | D:1      | Noticed a wolf
     6 | D:1      | Noticed a wyvern
   276 | D:1      | Reached XP level 2. HP: 20/22 MP: 1/4
   739 | D:1      | Found a shimmering altar of Xom.
  1093 | D:1      | Reached XP level 3. HP: 26/28 MP: 4/6
  1637 | D:2      | Reached skill level 4 in Earth Magic
  1681 | D:2      | Learned a level 3 spell: Stone Arrow
  1684 | D:2      | Learned a level 2 spell: Stoneskin
  1697 | D:2      | Reached skill level 3 in Spellcasting
  1703 | D:2      | Reached XP level 4. HP: 36/36 MP: 5/9
  2374 | D:3      | Noticed herpmino's ghost (average NaMo)
  2408 | D:3      | HP: 1/36 [herpmino's ghost (10)]
  2717 | D:3      | Killed herpmino's ghost
  2717 | D:3      | Reached XP level 5. HP: 16/42 MP: 0/12
  2845 | D:3      | Found a glowing drain.
  2850 | D:3      | Reached skill level 4 in Spellcasting
  2860 | Sewer    | Entered a sewer
  2979 | Sewer    | Reached skill level 5 in Earth Magic
  2990 | Sewer    | Noticed Purgy
  3120 | Sewer    | really
  3291 | Sewer    | Killed Purgy
  3291 | Sewer    | Reached XP level 6. HP: 49/49 MP: 2/15
  4180 | D:4      | Found Xofuhi Puts' Book Shop.
  4241 | D:4      | Reached XP level 7. HP: 55/55 MP: 9/18
  4493 | D:4      | Reached skill level 5 in Spellcasting
  4493 | D:4      | Reached skill level 6 in Earth Magic
  4591 | D:4      | Learned a level 3 spell: Passwall
  4922 | D:4      | Found a radiant altar of Vehumet.
  5048 | D:4      | Reached skill level 1 in Conjurations
  5270 | D:5      | Entered Level 5 of the Dungeon
  5277 | D:5      | Learned a level 5 spell: Lee's Rapid Deconstruction
  5456 | D:5      | Reached skill level 2 in Conjurations
  5588 | D:5      | Reached skill level 3 in Conjurations
  5588 | D:5      | Reached skill level 7 in Earth Magic
  5588 | D:5      | Reached XP level 8. HP: 36/62 MP: 15/20
  5992 | D:5      | Found an iron altar of Okawaru.
  5992 | D:5      | Found a sacrificial altar of Ru.
  5995 | D:5      | Found a shadowy altar of Dithmenos.
  5996 | D:5      | Found a deep blue altar of Sif Muna.
  6189 | D:5      | Reached skill level 4 in Conjurations
  6734 | D:5      | Noticed Duvessa
  6754 | D:5      | Killed Duvessa
  6770 | D:5      | Noticed Dowan
  6880 | D:5      | nice
  6924 | D:5      | Killed Dowan
  7021 | D:5      | Noticed Crazy Yiuf
  7098 | D:5      | Killed Crazy Yiuf
  7295 | D:6      | Reached skill level 8 in Earth Magic
  7358 | D:6      | Reached skill level 5 in Conjurations
  7532 | D:6      | Noticed Edmund
  7557 | D:6      | Killed Edmund
  7571 | D:5      | Reached XP level 9. HP: 68/68 MP: 6/21
  7690 | D:6      | Noticed an angel
  7691 | D:6      | Found a glowing silver altar of Zin.
  7801 | D:6      | Reached skill level 6 in Conjurations
  7968 | D:6      | Reached skill level 9 in Earth Magic
  8070 | D:6      | Reached skill level 2 in Transmutations
  8619 | D:6      | Learned a level 4 spell: Petrify
  8669 | D:7      | Found a staircase to the Ecumenical Temple.
  8677 | Temple   | Entered the Ecumenical Temple
  8874 | Temple   | Became a worshipper of Ashenzari the Shackled
  8928 | D:7      | Reached skill level 3 in Transmutations
 10019 | D:8      | Noticed Blork the orc
 10024 | D:8      | Reached skill level 4 in Transmutations
 10087 | D:8      | Killed Blork the orc
 10144 | D:8      | nice axe
 10186 | D:8      | Noticed Erolcha
 10196 | D:8      | Killed Erolcha
 10196 | D:8      | Reached skill level 5 in Stealth
 10196 | D:8      | Reached skill level 10 in Earth Magic
 10385 | D:8      | Reached skill level 6 in Stealth
 10385 | D:8      | Reached XP level 10. HP: 75/75 MP: 15/22
 10597 | D:8      | Noticed Prince Ribbit
 10607 | D:8      | Killed Prince Ribbit
 10868 | D:8      | Found a shimmering altar of Xom.
 10875 | D:8      | Reached skill level 7 in Stealth
 10938 | D:8      | Found Pluxuir's Gadget Shop.
 11097 | D:8      | Noticed Gastronok
 11526 | D:8      | Killed Gastronok
 11526 | D:8      | Reached skill level 9 in Stealth
 11526 | D:8      | Reached skill level 11 in Earth Magic
 12823 | D:9      | Found a staircase to the Orcish Mines.
 12960 | D:9      | Reached skill level 6 in Spellcasting
 13164 | D:9      | Identified the amulet "Ghagapt" {+Fly rF+ Regen+ Str+3 Dex+2}
 13169 | D:9      | ok
 13272 | D:10     | Entered Level 10 of the Dungeon
 13421 | D:10     | Found a staircase to the Lair.
 13459 | D:10     | Reached XP level 11. HP: 81/81 MP: 21/25
 13774 | D:10     | Found Jifieskic's Antique Weapon Boutique.
 13799 | D:10     | Reached skill level 12 in Earth Magic
 13849 | D:10     | Noticed a hill giant
 13859 | D:10     | what a good spell
 13953 | D:10     | Killed a hill giant
 13953 | D:10     | Reached skill level 7 in Spellcasting
 14088 | D:10     | Noticed a hill giant
 14095 | D:10     | Killed a hill giant
 14095 | D:10     | Reached skill level 1 in Maces & Flails
 14232 | D:10     | Noticed a hill giant
 14241 | D:10     | Killed a hill giant
 14241 | D:10     | Reached skill level 2 in Maces & Flails
 14713 | D:10     | Reached skill level 3 in Maces & Flails
 15104 | D:10     | Bought a demon whip for 390 gold pieces
 15143 | Lair:1   | Entered Level 1 of the Lair of Beasts
 15330 | Lair:1   | Identified a potion of resistance
 15392 | Lair:1   | cool
 15639 | Lair:1   | Identified the cursed -6 cloak of Springtime {Str+2 Int+4 Slay+3 Stlth+}
 15640 | Lair:1   | help
 15640 | Lair:1   | good cloak
 15641 | Lair:1   | Reached skill level 4 in Maces & Flails
 16726 | Lair:2   | Reached skill level 5 in Maces & Flails
 16726 | Lair:2   | Reached skill level 5 in Transmutations
 16735 | Lair:1   | Reached skill level 1 in Fighting
 17059 | Lair:2   | Reached skill level 2 in Fighting
 17259 | Lair:2   | Acquired Ashenzari's first power
 17326 | Lair:2   | Reached XP level 12. HP: 90/96 MP: 24/27
 17380 | Lair:2   | Reached skill level 6 in Maces & Flails
 17445 | Lair:2   | Reached skill level 3 in Fighting
 17771 | Lair:2   | Reached skill level 4 in Fighting
 18407 | Lair:3   | Reached skill level 7 in Maces & Flails
 18667 | Lair:3   | Reached skill level 5 in Fighting
 19215 | Lair:3   | Reached skill level 6 in Fighting
 19219 | Lair:3   | Reached skill level 8 in Maces & Flails
 20100 | Lair:4   | Found a labyrinth entrance.
 20135 | Lab      | Entered a labyrinth
 20544 | Lab      | Noticed a minotaur
 20553 | Lab      | Killed a minotaur
 20562 | Lab      | Identified the +2 chain mail "Apiceb" {+Inv rPois rCorr Str-3 Slay+3} (You found it in a labyrinth)
 20568 | Lair:4   | Identified a +5 lightning rod (11/12) {!a} (You took it off a minotaur in a labyrinth)
 20569 | Lair:4   | Identified a +6 rod of inaccuracy (12/12) {!a} (You found it in a labyrinth)
 20808 | Lair:4   | good
 20814 | Lair:4   | Learned a level 5 spell: Bolt of Magma
 20853 | Lair:4   | Reached skill level 1 in Fire Magic
 20880 | Lair:4   | Reached skill level 2 in Fire Magic
 20890 | Lair:4   | Reached skill level 9 in Maces & Flails
 21198 | Lair:4   | Found a staircase to the Shoals.
 21581 | Lair:4   | Acquired Ashenzari's second power
 21817 | Lair:5   | Reached skill level 3 in Fire Magic
 22120 | Lair:5   | Reached XP level 13. HP: 114/114 MP: 5/28
 22546 | Lair:5   | Reached skill level 4 in Fire Magic
 22653 | Lair:5   | Found a staircase to the Snake Pit.
 22800 | Lair:5   | Reached skill level 7 in Conjurations
 23114 | Lair:5   | Reached skill level 5 in Fire Magic
 23542 | Lair:6   | Acquired Ashenzari's third power
 24636 | Lair:7   | Reached skill level 8 in Conjurations
 24696 | Lair:7   | Found a frozen archway.
 24700 | Lair:7   | Reached skill level 6 in Fire Magic
 24832 | IceCv    | Entered an ice cave
 25144 | IceCv    | oops
 25315 | IceCv    | Reached skill level 7 in Fire Magic
 25316 | IceCv    | HP: 6/114 [ice dragon (7)]
 25316 | IceCv    | HP: 2/114 [ice dragon (4)]
 25344 | IceCv    | good
 25787 | Lair:5   | Reached skill level 9 in Conjurations
 26428 | Lair:7   | Found a staircase to the Slime Pits.
 26631 | Lair:7   | Reached skill level 8 in Spellcasting
 27196 | Lair:1   | Learned a level 4 spell: Leda's Liquefaction
 27372 | Lair:8   | Entered Level 8 of the Lair of Beasts
 27388 | Lair:8   | Reached skill level 1 in Hexes
 27474 | Lair:8   | Reached skill level 2 in Dodging
 27604 | Lair:8   | Reached skill level 2 in Hexes
 27737 | Lair:8   | Reached XP level 14. HP: 121/121 MP: 20/30
 27909 | Lair:8   | Reached skill level 3 in Dodging
 27909 | Lair:8   | Reached skill level 3 in Hexes
 28014 | Lair:8   | Identified a +0 fire dragon armour
 28015 | Lair:8   | Found a glowing golden altar of the Shining One.
 28153 | Lair:8   | Reached skill level 4 in Dodging
 28695 | Lair:7   | Reached skill level 10 in Maces & Flails
 28868 | Lair:8   | Acquired Ashenzari's fourth power
 29303 | Lair:8   | Reached skill level 5 in Dodging
 30078 | Lair:8   | Found a burning altar of Makhleb.
 30106 | Lair:8   | Reached skill level 6 in Dodging
 30339 | Lair:8   | Reached skill level 11 in Maces & Flails
 30474 | Lair:8   | Found a gateway to Hell.
 31100 | Orc:1    | Entered Level 1 of the Orcish Mines
 31104 | Orc:1    | Found Lojun's Weapon Boutique.
 31234 | Orc:1    | Found a dark tunnel.
 31258 | Volcano  | Entered a volcano
 31348 | Volcano  | Reached skill level 1 in Evocations
 31438 | Volcano  | Reached skill level 2 in Evocations
 31558 | Orc:1    | Found a runed door.
 31832 | Orc:1    | Found a roughly hewn altar of Beogh.
 31906 | Orc:2    | Noticed Joseph
 31907 | Orc:2    | Noticed Psyche
 31914 | Orc:2    | Killed Psyche
 31915 | Orc:2    | Killed Joseph
 31915 | Orc:2    | Reached skill level 1 in Shields
 32584 | Orc:3    | Found Chiesiar's Book Shop.
 32597 | Orc:3    | Bought a book of Minor Magic for 300 gold pieces
 32600 | Orc:3    | Learned a level 2 spell: Blink
 32675 | Orc:3    | Found Beseh's Antique Weapon Shoppe.
 32730 | Orc:4    | Entered Level 4 of the Orcish Mines
 32802 | Orc:3    | Found a staircase to the Elven Halls.
 32817 | Orc:3    | Found a roughly hewn altar of Beogh.
 33553 | Orc:4    | Reached skill level 2 in Shields
 33587 | Orc:4    | Found a staircase to the Elven Halls.
 33616 | Orc:4    | Reached XP level 15. HP: 86/128 MP: 7/31
 33656 | Orc:4    | Noticed Nergalle
 33669 | Orc:4    | Killed Nergalle
 33811 | Orc:4    | Reached skill level 3 in Shields
 33819 | Orc:4    | Reached skill level 3 in Evocations
 33934 | Orc:4    | Learned a level 2 spell: Repel Missiles
 33955 | Orc:4    | Noticed Saint Roka
 33956 | Orc:4    | Found a roughly hewn altar of Beogh.
 33962 | Orc:4    | Reached skill level 1 in Translocations
 33984 | Orc:4    | HP: 11/128 [Saint Roka/battleaxe (21)]
 33985 | Orc:4    | Killed Saint Roka
 33985 | Orc:4    | Reached skill level 2 in Charms
 33985 | Orc:4    | Reached skill level 2 in Translocations
 33985 | Orc:4    | Reached skill level 4 in Evocations
 34034 | Orc:4    | nice
 34465 | Orc:4    | Found Edeckoidgh's General Store.
 34479 | Orc:4    | Bought a scroll of fear for 63 gold pieces
 34479 | Orc:4    | Bought a scroll of amnesia for 63 gold pieces
 34619 | Orc:4    | Found Plics' Book Shop.
 34646 | Orc:4    | Found Weac's Antique Weapon Shop.
 34711 | Orc:4    | Found Qinycah's Antique Armour Shop.
 34718 | Orc:4    | Bought a pair of glowing gloves for 135 gold pieces
 34718 | Orc:4    | Bought a shiny buckler for 135 gold pieces
 34993 | D:8      | Bought a phial of floods for 560 gold pieces
 34993 | D:8      | Bought a lamp of fire for 560 gold pieces
 35495 | D:11     | Reached skill level 3 in Charms
 35499 | D:11     | Reached skill level 5 in Evocations
 36076 | D:11     | Noticed Sonja
 36095 | D:11     | Reached skill level 4 in Charms
 36095 | D:11     | Reached skill level 6 in Evocations
 36102 | D:11     | Killed Sonja
 36458 | D:12     | Noticed Urug
 36463 | D:12     | Killed Urug
 36808 | D:12     | Identified a scroll of acquirement
 36819 | D:12     | help i have rF++++++++++++++++
 37219 | D:12     | Reduced skill Maces & Flails to level 10
 37219 | D:12     | Reached skill level 1 in Staves
 37237 | D:12     | Reached skill level 7 in Evocations
 37759 | D:13     | Found a white marble altar of Elyvilon.
 37800 | D:13     | Reached skill level 2 in Staves
 37912 | D:13     | Noticed Erica
 37919 | D:13     | Killed Erica
 37919 | D:13     | Reached skill level 8 in Evocations
 38114 | D:13     | Reached skill level 3 in Staves
 38577 | D:13     | Reached skill level 4 in Staves
 38577 | D:13     | Reached skill level 9 in Evocations
 38930 | D:14     | Reduced skill Maces & Flails to level 9
 39037 | D:14     | Learned a level 1 spell: Apportation
 39137 | D:14     | Noticed Josephine
 39143 | D:14     | Killed Josephine
 39143 | D:14     | Reached skill level 5 in Staves
 39222 | D:14     | Reached skill level 10 in Evocations
 39486 | D:14     | Reached XP level 16. HP: 121/135 MP: 11/32
 39493 | D:14     | Reached skill level 7 in Fighting
 39520 | D:14     | Reached skill level 6 in Staves
 39535 | D:14     | Reached skill level 9 in Spellcasting
 39587 | D:14     | Reduced skill Maces & Flails to level 8
 39693 | D:14     | Found a gate to the Vaults.
 40274 | D:15     | Entered Level 15 of the Dungeon
 40366 | D:14     | Reached skill level 7 in Staves
 40423 | D:15     | Reduced skill Maces & Flails to level 7
 40432 | D:15     | Reached skill level 8 in Fighting
 40666 | D:15     | Noticed Harold
 40681 | D:15     | Killed Harold
 40718 | D:15     | Found a staircase to the Depths.
 41062 | D:15     | Found a shadowy altar of Dithmenos.
 41300 | D:15     | Reached skill level 10 in Spellcasting
 41725 | Snake:1  | Entered Level 1 of the Snake Pit
 41864 | Snake:1  | Identified a wand of teleportation
 41872 | Snake:1  | Reached skill level 8 in Staves
 41877 | Snake:1  | Reduced skill Maces & Flails to level 6
 41877 | Snake:1  | Reached skill level 9 in Fighting
 42282 | Snake:1  | Reduced skill Maces & Flails to level 5
 42337 | Snake:2  | Reached skill level 9 in Staves
 43024 | Snake:2  | Reduced skill Maces & Flails to level 4
 43283 | Snake:2  | Found Fuphet's Antique Armour Emporium.
 43289 | Snake:2  | Bought a bloodstained leather armour for 189 gold pieces
 43289 | Snake:2  | Identified the +2 leather armour of the Last Souls {+Blink rN+ MR+ Int-4} (You bought it in a shop on level 2 of the Snake Pit)
 43289 | Snake:2  | Bought a smoking leather armour for 189 gold pieces
 43289 | Snake:2  | Identified the +0 leather armour of Spite {Slay+2} (You bought it in a shop on level 2 of the Snake Pit)
 43289 | Snake:2  | Bought a distressingly furry leather armour for 189 gold pieces
 43289 | Snake:2  | Identified the +3 leather armour of the Seas {rF+ rC++} (You bought it in a shop on level 2 of the Snake Pit)
 43289 | Snake:2  | Bought a glowing robe for 18 gold pieces
 43292 | Snake:2  | more rF
 43292 | Snake:2  | Bought a shimmering ring mail for 243 gold pieces
 43292 | Snake:2  | Identified the cursed -5 ring mail of Inevitability {rC+ Stlth+} (You bought it in a shop on level 2 of the Snake Pit)
 43517 | Snake:3  | Noticed Norris
 43533 | Snake:3  | Killed Norris
 43533 | Snake:3  | Reduced skill Maces & Flails to level 2
 43533 | Snake:3  | Reached skill level 10 in Fighting
 43533 | Snake:3  | Reached skill level 11 in Spellcasting
 43670 | Snake:3  | wow look at that brain feed damage
 43670 | Snake:3  | what a scary unique
 43957 | Snake:3  | Reduced skill Maces & Flails to level 1
 43957 | Snake:3  | Reached skill level 11 in Evocations
 44474 | Snake:3  | oh no ignite poison
 44481 | Snake:3  | Reached XP level 17. HP: 152/154 MP: 24/35
 44582 | Snake:3  | why can't i reskill that one point of m&f?????
 44896 | Snake:4  | Noticed Louise
 44906 | Snake:4  | Killed Louise
 44916 | Snake:4  | Reached skill level 10 in Staves
 45191 | Snake:4  | Reached skill level 13 in Earth Magic
 45426 | Snake:4  | Noticed Aizul
 45439 | Snake:4  | Killed Aizul
 45654 | Snake:4  | is that a -3 uncursed glaive
 45656 | Snake:4  | weird
 45743 | Snake:4  | ..
 45976 | Snake:5  | Entered Level 5 of the Snake Pit
 46127 | Snake:5  | Reached skill level 12 in Evocations
 46562 | Snake:5  | aa
 46929 | Snake:5  | Reached skill level 14 in Earth Magic
 47050 | Snake:5  | Reached skill level 13 in Evocations
 47274 | Snake:5  | oops
 47478 | Snake:5  | Reached XP level 18. HP: 48/163 MP: 1/36
 48006 | Snake:5  | good
 48055 | Snake:5  | Reached skill level 14 in Evocations
 48102 | Snake:5  | Reached skill level 15 in Earth Magic
 48129 | Snake:5  | Got a serpentine rune of Zot
 48985 | Lair:1   | Learned a level 5 spell: Phase Shift
 49069 | Shoals:1 | Entered Level 1 of the Shoals
 49083 | Shoals:1 | Reached skill level 3 in Translocations
 49190 | Shoals:1 | Noticed Asterion
 49199 | Shoals:1 | Killed Asterion
 49199 | Shoals:1 | Reached skill level 4 in Translocations
 49423 | Shoals:1 | Reached skill level 5 in Translocations
 49507 | Shoals:1 | Noticed herpmino's ghost (powerful FoGl)
 49523 | Shoals:1 | Killed herpmino's ghost
 49729 | Shoals:1 | Reached skill level 6 in Translocations
 50227 | Shoals:2 | Reached skill level 7 in Translocations
 50331 | Shoals:2 | Reached skill level 4 in Shields
 50567 | Shoals:2 | Reached skill level 5 in Shields
 51384 | Shoals:3 | Reached XP level 19. HP: 170/170 MP: 31/36
 51501 | Shoals:3 | Reached skill level 11 in Fighting
 51993 | Shoals:4 | Reached skill level 12 in Spellcasting
 52164 | Shoals:4 | Found an ancient bone altar of Kikubaaqudgha.
 52589 | Shoals:4 | Reached skill level 7 in Dodging
 52810 | Shoals:5 | Entered Level 5 of the Shoals
 52892 | Shoals:5 | Noticed Jorgrun
 53095 | Shoals:5 | Identified the amulet of Eternity {+Rage Int+5 Dex+3}
 53202 | Shoals:5 | Noticed Snorg
 53208 | Shoals:5 | Killed Snorg
 53399 | Shoals:5 | Reached skill level 12 in Fighting
 53444 | Shoals:5 | Noticed Ilsuiw
 53460 | Shoals:5 | Got a barnacled rune of Zot
 53463 | Shoals:5 | Killed Ilsuiw
 53480 | Shoals:5 | Reached skill level 8 in Dodging
 54343 | Shoals:5 | Killed Jorgrun
 54404 | Shoals:5 | Identified a +0 steam dragon armour (You took it off a merfolk impaler on level 5 of the Shoals)
 54717 | Elf:1    | Entered Level 1 of the Elven Halls
 54862 | Elf:1    | Reached skill level 9 in Dodging
 54974 | Elf:1    | Reached skill level 13 in Fighting
 55139 | Elf:1    | Noticed Maud
 55144 | Elf:1    | Killed Maud
 56070 | Elf:2    | Noticed Fannar
 56076 | Elf:2    | Killed Fannar
 56260 | Elf:2    | Reached XP level 20. HP: 187/187 MP: 32/37
 56503 | Elf:2    | Identified a wand of heal wounds (You acquired it on level 2 of the Elven Halls)
 56591 | Elf:2    | Found a huge runed gate.
 56591 | Elf:2    | Found a huge runed gate.
 56597 | Elf:2    | Found a huge runed gate.
 56597 | Elf:2    | Found a huge runed gate.
 56597 | Elf:2    | Found a huge runed gate.
 56606 | Elf:2    | help
 56679 | Elf:2    | wow
 57030 | Elf:2    | Reached skill level 10 in Dodging
 57140 | Elf:2    | Reached skill level 14 in Fighting
 57326 | Elf:3    | Entered Level 3 of the Elven Halls
 58192 | Elf:3    | Reached skill level 13 in Spellcasting
 58203 | Elf:3    | Reached skill level 15 in Fighting
 58353 | Elf:3    | Identified the +8 plate armour of Cric {+Fly rPois rF+ Str-5}
 58354 | Elf:3    | Identified the cursed ring "Xuucegh" {rF+ EV-6 Int-2 Stlth+}
 58359 | Elf:3    | Identified the +1 ring mail of the Invisible Hand {rF+ Stlth+}
 58366 | Elf:3    | Identified the ring of Vehumet's Scorn {Fire +Fly SInv Stlth-} (You took it off a deep elf demonologist on level 3 of the Elven Halls)
 58366 | Elf:3    | Identified a +2 rod of the swarm (2/12) (You took it off a deep elf demonologist on level 3 of the Elven Halls)
 58499 | Elf:3    | Learned a level 3 spell: Regeneration
 58548 | Elf:3    | Identified the +4 short sword "Giantslayer" {elec, -Cast MR+ Int+6}
 58549 | Elf:3    | Identified the +9 war axe "Puwnyrit" {freeze, rElec rF+ MP-9 Dex+4 SInv}
 58549 | Elf:3    | Identified the cursed +1 great sword "Raokuaq" {flame, Int+3 Dex+4}
 58550 | Elf:3    | Identified a +2 rod of inaccuracy (11/11)
 58984 | Elf:3    | Reached skill level 1 in Polearms
 59025 | Elf:3    | Reached skill level 2 in Polearms
 59180 | Lair:1   | Learned a level 6 spell: Iron Shot
 59330 | Vaults:1 | Entered Level 1 of the Vaults
 59343 | Vaults:1 | Reached skill level 3 in Polearms
 59397 | Vaults:1 | Reached skill level 4 in Polearms
 59424 | Vaults:1 | Reached skill level 5 in Polearms
 59589 | Vaults:1 | Reached skill level 6 in Polearms
 59614 | Vaults:1 | Reached XP level 21. HP: 197/201 MP: 27/39
 59622 | Vaults:1 | Reached skill level 7 in Polearms
 59903 | Vaults:1 | Reached skill level 8 in Polearms
 60026 | Vaults:1 | Reached skill level 9 in Polearms
 60534 | Vaults:1 | Noticed Agnes
 60541 | Vaults:1 | Killed Agnes
 60541 | Vaults:1 | Reached skill level 10 in Polearms
 60812 | Vaults:1 | Reached skill level 11 in Polearms
 61327 | Vaults:2 | Paralysed by a sphinx for 7 turns
 61337 | Vaults:2 | Reached skill level 12 in Polearms
 61374 | Vaults:2 | Noticed Xtahua
 61377 | Vaults:2 | hi
 61380 | Vaults:2 | Killed Xtahua
 61978 | Vaults:2 | Reduced skill Polearms to level 11
 62002 | Vaults:2 | Reached skill level 14 in Spellcasting
 62447 | Vaults:2 | Reduced skill Polearms to level 10
 62633 | Vaults:2 | Reached skill level 15 in Spellcasting
 62891 | Vaults:2 | Reached skill level 16 in Fighting
 63076 | Vaults:2 | Identified the cursed -1 ring mail of the Peasants {rPois MR+ Str-4 Dex+4}
 63325 | Vaults:2 | Reduced skill Polearms to level 9
 63779 | Vaults:3 | Reached XP level 22. HP: 213/213 MP: 6/41
 64155 | Vaults:3 | Reduced skill Polearms to level 8
 64414 | Vaults:3 | Found a staircase to the Crypt.
 64786 | Vaults:3 | Reduced skill Polearms to level 7
 64838 | Vaults:3 | Reached skill level 16 in Earth Magic
 65182 | Vaults:3 | Reduced skill Polearms to level 6
 65559 | Vaults:3 | Reduced skill Polearms to level 5
 65569 | Vaults:3 | Reached skill level 17 in Fighting
 65698 | Vaults:3 | Reduced skill Polearms to level 4
 65698 | Vaults:3 | Reached skill level 15 in Evocations
 65860 | Vaults:3 | Found Eses' Antique Weapon Emporium.
 65870 | Vaults:3 | Reduced skill Polearms to level 3
 66007 | Vaults:3 | Identified the +7 mace "Concordance" {venom, rC+}
 66102 | Vaults:4 | Reached skill level 17 in Earth Magic
 66144 | Vaults:4 | Reduced skill Polearms to level 2
 66149 | Vaults:4 | Reduced skill Polearms to level 1
 66155 | Vaults:4 | Reached skill level 16 in Spellcasting
 66155 | Vaults:4 | Reached skill level 16 in Evocations
 66491 | Vaults:4 | hi
 66560 | Vaults:4 | Noticed Mennas
 66584 | Vaults:4 | Killed Mennas
 66756 | Vaults:4 | wow exciting
 66779 | Vaults:4 | i guess i could acquire /hasting maybe
 66786 | Vaults:4 | what
 66807 | Vaults:4 | ok i have to know what this dumb vault does
 66809 | Vaults:4 | ???????????????????????????????????????????????????????????????????????????????????????????????????????????????????????????????//
 66809 | Vaults:4 | helhplehlp
 66849 | Vaults:4 | Found Psachoc's Magic Scroll Boutique.
 66857 | Vaults:4 | Bought a scroll of blinking for 90 gold pieces
 66857 | Vaults:4 | Bought a scroll of enchant weapon for 90 gold pieces
 66859 | Vaults:4 | thats not hasting
 66860 | Vaults:4 | Bought a scroll of acquirement for 624 gold pieces
 66861 | Vaults:4 | Identified a wand of hasting (You acquired it on level 4 of the Vaults)
 67291 | Vaults:4 | Reached XP level 23. HP: 210/224 MP: 19/42
 67494 | Vaults:4 | Reached skill level 17 in Evocations
 67590 | Vaults:4 | Reached skill level 18 in Earth Magic
 68197 | Lair:1   | Learned a level 9 spell: Shatter
 68200 | Lair:1   | Learned a level 2 spell: Song of Slaying
 68401 | Depths:1 | Entered Level 1 of the Depths
 68933 | Depths:1 | Identified the +6 blowgun "Ecusauk" {evade, rC+ Dex+2}
 68940 | Depths:1 | Identified a +2 rod of clouds (13/13) (You took it off a tengu warrior on level 1 of the Depths)
 69688 | Depths:2 | Found a flickering gateway to a bazaar.
 69711 | Depths:2 | help
 69724 | Depths:2 | time to use blinking i guess
 69772 | Depths:2 | nice
 69773 | Bazaar   | Entered a bazaar
 69773 | Bazaar   | Found Uhaujav's Weapon Boutique.
 69773 | Bazaar   | Found Klatuk's Weapon Shop.
 69773 | Bazaar   | Found Gaph's Antique Armour Shop.
 69783 | Bazaar   | wow
 69789 | Bazaar   | Bought a runed shield for 148 gold pieces
 69789 | Bazaar   | Identified a +0 shield of resistance (You bought it in a shop in a bazaar)
 69789 | Bazaar   | uh ok i guess that's useful
 70777 | Depths:2 | Reached skill level 17 in Spellcasting
 70777 | Depths:2 | Reached skill level 19 in Earth Magic
 71404 | Depths:2 | Reached XP level 24. HP: 232/234 MP: 23/43
 71469 | Depths:2 | Noticed a caustic shrike
 71469 | Depths:2 | Noticed a caustic shrike
 71479 | Depths:2 | Killed a caustic shrike
 71485 | Depths:2 | Killed a caustic shrike
 71567 | Depths:2 | Identified the amulet "Banith" {Clar Str+4} (You took it off a fire giant on level 2 of the Depths)
 71570 | Depths:2 | Noticed a caustic shrike
 71579 | Depths:2 | Killed a caustic shrike
 71596 | Depths:2 | Identified the cursed +1 hand crossbow "Bonkoqog" {flame, rPois} (You took it off a spriggan on level 2 of the Depths)
 71836 | Depths:2 | Noticed a caustic shrike
 71837 | Depths:2 | Noticed a caustic shrike
 71844 | Depths:2 | Killed a caustic shrike
 71848 | Depths:2 | Killed a caustic shrike
 71873 | Depths:2 | Noticed a caustic shrike
 71884 | Depths:2 | Killed a caustic shrike
 71884 | Depths:2 | Reached skill level 18 in Spellcasting
 71884 | Depths:2 | Reached skill level 20 in Earth Magic
 72133 | Depths:3 | Found a one-way gate leading to the halls of Pandemonium.
 72133 | Depths:3 | Noticed Boris
 72138 | Depths:3 | Killed Boris
 73313 | Depths:3 | Reached skill level 21 in Earth Magic
 74034 | Depths:3 | Identified the +0 helmet of Lies {rCorr Dex-5 Stlth+}
 74050 | Depths:3 | Identified the Almanac of Transmutation and the Voyage (You acquired it on level 3 of the Depths)
 74163 | Depths:3 | Identified the +8 great sword of the Eel {flame, rN++ SInv Stlth+}
 74290 | Depths:3 | Reached XP level 25. HP: 241/241 MP: 34/44
 74787 | Depths:4 | Reached skill level 22 in Earth Magic
 75045 | Depths:4 | Identified the Almanac of Moulding
 75236 | Depths:4 | Found Brepam's Magic Scroll Emporium.
 75275 | Depths:4 | Bought a scroll of amnesia for 84 gold pieces
 75275 | Depths:4 | Bought 3 scrolls of enchant armour for 540 gold pieces
 75275 | Depths:4 | Bought a scroll of amnesia for 84 gold pieces
 75275 | Depths:4 | Bought a scroll of enchant weapon for 180 gold pieces
 75275 | Depths:4 | Bought a scroll of magic mapping for 84 gold pieces
 75275 | Depths:4 | Bought a scroll of recharging for 228 gold pieces
 75275 | Depths:4 | Bought a scroll of blinking for 180 gold pieces
 75527 | Depths:4 | Identified the Handbook of the Eight Stars
 75532 | Depths:4 | Learned a level 3 spell: Flight
 75535 | Depths:4 | Learned a level 2 spell: Swiftness
 75549 | Depths:4 | Found a one-way gate to the infinite horrors of the Abyss.
 75619 | Depths:4 | Identified the Guide on Damaging Toxins
 75893 | Depths:4 | Identified the Disquisition on Displacement
 76244 | Depths:4 | Reached skill level 23 in Earth Magic
 76397 | Depths:4 | Identified the Disquisition on the Compass
 76401 | Depths:4 | Identified the Volume of Orientation
 76450 | Depths:4 | Gained mutation: Your spells are a little easier to cast, but a little less powerful. [a neqoxec]
 76700 | Depths:5 | Entered Level 5 of the Depths
 76822 | Depths:5 | Found a gateway to a ziggurat.
 77660 | Depths:5 | Found a gate to the Realm of Zot.
 77771 | Depths:5 | Reached XP level 26. HP: 239/249 MP: 11/45
 78216 | Depths:5 | Identified the +2 dagger of Toptov {drain, rPois rC- Int+7 Dex+2}
 78352 | Depths:4 | Bought a scroll of holy word for 180 gold pieces
 79663 | Vaults:3 | Upgraded the game from 0.16-a0-4020-g6ff35b5 to 0.16-a0-4024-g0ecf4ac
 79666 | Crypt:1  | Entered Level 1 of the Crypt
 79759 | Crypt:1  | Reached skill level 18 in Evocations
 80584 | Crypt:1  | Identified the +0 robe of the Untouchables {MP+9} (You took it off a skeletal warrior on level 1 of the Crypt)
 80600 | Crypt:1  | Learned a level 7 spell: Controlled Blink
 81346 | Crypt:2  | Reached skill level 8 in Translocations
 81478 | Crypt:2  | Found a corrupted altar of Lugonu.
 82212 | Crypt:2  | Reached skill level 19 in Evocations
 82645 | Depths:3 | Reached skill level 9 in Translocations
 82661 | Depths:3 | Learned a level 2 spell: Sublimation of Blood
 83023 | Crypt:3  | Entered Level 3 of the Crypt
 83121 | Crypt:3  | Reached skill level 1 in Necromancy
 83153 | Crypt:3  | Reached skill level 2 in Necromancy
 83262 | Crypt:3  | Found a basalt altar of Yredelemnul.
 83270 | Crypt:3  | Reached skill level 3 in Necromancy
 83637 | Crypt:3  | Reached skill level 4 in Necromancy
 83776 | Crypt:3  | Reached skill level 10 in Translocations
 84069 | Crypt:3  | ughh
 84211 | Crypt:3  | Found a staircase to the Tomb.
 84317 | Crypt:3  | Reached XP level 27. HP: 258/258 MP: 35/45
 84364 | Crypt:3  | Reached skill level 5 in Necromancy
 84667 | Crypt:3  | Reached skill level 6 in Necromancy
 84675 | Crypt:3  | Identified the amulet of Devotion {rCorr +Inv +Fly rN+ Str+4 Dex-2} (You took it off a skeletal warrior on level 3 of the Crypt)
 84679 | Crypt:3  | Identified the +8 hand crossbow "Beast's Demise" {venom, MR+} (You took it off a death knight on level 3 of the Crypt)
 84686 | Crypt:3  | Reached skill level 11 in Translocations
 84771 | Crypt:3  | Identified the +0 helmet "Pneff" {rC- Int+6}
 84787 | Crypt:3  | exciting!!!!!
 85221 | Crypt:3  | wha-what
 85239 | Crypt:3  | Reached skill level 7 in Necromancy
 85536 | Crypt:3  | Reached skill level 8 in Necromancy
 85626 | Crypt:3  | Reached skill level 1 in Air Magic
 85635 | Crypt:3  | Reached skill level 2 in Air Magic
 85998 | Vaults:2 | Reached skill level 3 in Air Magic
 86487 | Vaults:5 | Entered Level 5 of the Vaults
 86489 | Vaults:5 | Reached skill level 4 in Air Magic
 86489 | Vaults:5 | Reached skill level 5 in Air Magic
 86489 | Vaults:5 | Reached skill level 6 in Air Magic
 86489 | Vaults:5 | Reached skill level 7 in Air Magic
 86489 | Vaults:5 | Reached skill level 8 in Air Magic
 86489 | Vaults:5 | Reached skill level 9 in Air Magic
 86490 | Vaults:5 | art
 86512 | Vaults:5 | Reached skill level 10 in Air Magic
 86531 | Vaults:5 | Noticed BLOAX's ghost (mighty MiFi)
 86536 | Vaults:5 | Noticed Sojobo
 86803 | Vaults:5 | Reached skill level 11 in Air Magic
 86810 | Vaults:5 | Reached skill level 12 in Air Magic
 87015 | Vaults:4 | Killed Sojobo
 87027 | Vaults:5 | Reached skill level 19 in Spellcasting
 87191 | Vaults:5 | Reduced skill Air Magic to level 11
 87336 | Vaults:5 | Identified the +2 robe "Hymes" {rCorr Int+3 Slay-3 SInv} (You took it off a yaktaur captain on level 5 of the Vaults)
 87338 | Vaults:5 | Reduced skill Air Magic to level 10
 87338 | Vaults:5 | Reached skill level 20 in Spellcasting
 87581 | Vaults:5 | Reduced skill Air Magic to level 9
 87734 | Vaults:5 | Reached skill level 21 in Spellcasting
 87989 | Vaults:5 | Killed BLOAX's ghost
 88233 | Vaults:5 | Identified the cursed -4 hat of Qoluotz {rF- MR+ rCorr}
 88263 | Vaults:5 | Reduced skill Air Magic to level 8
 88419 | Vaults:5 | Identified the +0 robe of the Clouds {+Blink Dex+5}
 88527 | Vaults:5 | Reduced skill Air Magic to level 7
 88613 | Vaults:5 | Identified the +0 robe "Vuoxymo" {Str+2 Slay+3}
 88694 | Vaults:5 | Identified the +10 dagger "Blesae" {antimagic, rC++ Str-3 Dex+2}
 88721 | Vaults:5 | Identified the +6 plate armour "Lusiase" {Int+3}
 88758 | Vaults:5 | Noticed Margery
 88765 | Vaults:5 | Killed Margery
 88765 | Vaults:5 | Identified a +1 fire dragon armour
 88765 | Vaults:5 | Reduced skill Air Magic to level 6
 88765 | Vaults:5 | Reached skill level 22 in Spellcasting
 89010 | Vaults:5 | Got a silver rune of Zot
 89164 | Vaults:2 | Reduced skill Air Magic to level 5
 89585 | Hell     | Entered the Vestibule of Hell
 89585 | Hell     | Noticed Geryon
 89602 | Hell     | Reduced skill Air Magic to level 4
 89605 | Hell     | Killed Geryon
 89605 | Hell     | Reduced skill Air Magic to level 3
 89609 | Hell     | Reduced skill Air Magic to level 2
 89609 | Hell     | Reached skill level 23 in Spellcasting
 89624 | Lair:8   | Reduced skill Air Magic to level 1
 90050 | Hell     | Found a gateway to the ashen valley of Gehenna.
 90132 | Hell     | Found a gateway to the decaying netherworld of Tartarus.
 90247 | Hell     | Found a gateway to the freezing wastes of Cocytus.
 90379 | Hell     | Found a gateway to the Iron City of Dis.
 90569 | Slime:1  | Entered Level 1 of the Pits of Slime
 92095 | Slime:3  | Reached skill level 18 in Fighting
 93200 | Slime:5  | Reached skill level 11 in Dodging
 93293 | Slime:6  | Entered Level 6 of the Pits of Slime
 93320 | Slime:6  | Noticed the royal jelly
 93342 | Slime:6  | Killed the royal jelly
 93356 | Slime:6  | Identified the amulet "Veeryr" {Faith Int+3}
 93680 | Slime:6  | Identified the +4 ring mail of Ymuyxol {-Tele rElec MR+ MP+9}
 93689 | Slime:6  | Identified a +8 iron rod (14/14)
 93690 | Slime:6  | Identified the +5 pair of boots of Disguise {+Fly}
 93938 | Slime:6  | oh dear
 93956 | Slime:6  | well i hope none of that was good
 94082 | Slime:6  | Got a slimy rune of Zot
 94340 | Lair:1   | Lost mutation: Your spells are a little easier to cast, but a little less powerful. [potion of cure mutation]
 94706 | Depths:5 | Identified a +6 rod of inaccuracy (8/11) (You took it off a minotaur on level 5 of the Depths)
 94792 | Zig:1    | Entered Level 1 of a ziggurat
 94831 | Zig:2    | Entered Level 2 of a ziggurat
 94853 | Zig:2    | Identified a potion of experience
 94853 | Zig:2    | Reached skill level 24 in Spellcasting
 94862 | Zig:3    | Entered Level 3 of a ziggurat
 94862 | Zig:3    | Identified the +1 pair of gloves of Too Many Cooks {-Cast MP+9 Int+5 Slay+2}
 94902 | Zig:4    | Entered Level 4 of a ziggurat
 94906 | Zig:4    | Identified the +10 scimitar "Skuhuch" {slice, MR+ MP+9}
 94942 | Zig:4    | Reached skill level 19 in Fighting
 95120 | Zig:5    | Entered Level 5 of a ziggurat
 95120 | Zig:5    | Identified the +9 long sword "Xenn" {slice, Str+4}
 95122 | Zig:5    | Identified the cursed -1 war axe of the Clouds {freeze, SInv Stlth+}
 95156 | Zig:6    | Entered Level 6 of a ziggurat
 95222 | Zig:7    | Entered Level 7 of a ziggurat
 95234 | Zig:7    | Identified the cursed +0 blowgun "Hyqi Gill" {evade, +Inv rElec rPois Dex-2}
 95234 | Zig:7    | Identified the cursed -1 flail of the Mouth {crush, rF+ Int+4 Dex+5}
 95314 | Zig:8    | Entered Level 8 of a ziggurat
 95320 | Zig:8    | Identified a +0 swamp dragon armour
 95320 | Zig:8    | Noticed Cruan the pandemonium lord
 95343 | Zig:8    | Killed Cruan the pandemonium lord
 95549 | Zig:9    | Entered Level 9 of a ziggurat
 95599 | Zig:9    | Reached skill level 25 in Spellcasting
 95637 | Zig:10   | Entered Level 10 of a ziggurat
 95646 | Zig:10   | Noticed Olaut the pandemonium lord
 95646 | Zig:10   | Noticed Koxynuv the pandemonium lord
 95648 | Zig:10   | Identified a +5 rod of the swarm (13/13)
 95650 | Zig:10   | Killed Koxynuv the pandemonium lord
 95651 | Zig:10   | Killed Olaut the pandemonium lord
 95777 | Zig:10   | Identified the Disquisition on Enchantment and Attacks (You acquired it on level 10 of a ziggurat)
 95782 | Zig:10   | Identified the Volume of Confrontation and Fire (You acquired it on level 10 of a ziggurat)
 95825 | Zig:11   | Entered Level 11 of a ziggurat
 95834 | Zig:11   | Identified the +3 chain mail of Wrong Decisions {MR- Regen+ rCorr Str+5 Dex-3}
 95835 | Zig:11   | Identified the +7 executioner's axe "Buneefre" {venom, MR+}
 95837 | Zig:11   | Gained mutation: You expend magic power (3 MP) to slightly strengthen your wands. [a shining eye]
 95838 | Zig:11   | Identified a +2 pearl dragon armour
 95856 | Zig:11   | Identified the +9 war axe of Hasmil {elec, rF+ rC+ Int-4}
 95876 | Zig:11   | apropos etc
 96015 | Zig:12   | Entered Level 12 of a ziggurat
 96029 | Zig:12   | Identified the ring of Threhahesk {SustAb -Cast +Inv rC+ MR+ Stlth+}
 96100 | Zig:12   | good
 96106 | Zig:12   | Reached skill level 26 in Spellcasting
 96153 | Zig:13   | Entered Level 13 of a ziggurat
 96166 | Zig:13   | does wild magic only work on wizards???
 96167 | Zig:13   | Identified the cursed +0 ring mail of Muugikur {Str-5 Int+3 Stlth+}
 96171 | Zig:13   | rip tormentor
 96174 | Zig:13   | Reached skill level 9 in Necromancy
 96177 | Zig:13   | Reached skill level 10 in Necromancy
 96187 | Zig:13   | Reached skill level 11 in Necromancy
 96229 | Zig:13   | Identified the cursed +2 hand crossbow "Beetleslayer" {venom, rF- rN+ Str+5 Int-5 Dex+2}
 96251 | Zig:13   | Lost mutation: You expend magic power (3 MP) to slightly strengthen your wands. [potion of cure mutation]
 96428 | Zig:14   | Entered Level 14 of a ziggurat
 96448 | Zig:14   | Reached skill level 12 in Dodging
 96449 | Zig:14   | rip all the loot
 96453 | Zig:14   | Reached skill level 12 in Necromancy
 96591 | Zig:14   | Identified the +4 helmet "Askagimy" {rCorr} (You found it on level 14 of a ziggurat)
 96592 | Zig:14   | askagimy
 96596 | Zig:14   | Identified the amulet "Jetoced" {Stasis Int+4 Dex+5} (You found it on level 14 of a ziggurat)
 96600 | Zig:14   | Identified the cursed -7 robe of the Lost Path {Int+3} (You found it on level 14 of a ziggurat)
 96601 | Zig:14   | good
 96602 | Zig:14   | why isn't this stuff iding
 96605 | Zig:14   | Identified the cursed +0 blowgun of Indomitability {evade, MR+ Int-5 Dex+7} (You found it on level 14 of a ziggurat)
 96732 | Zig:15   | Entered Level 15 of a ziggurat
 96742 | Zig:15   | Reached skill level 13 in Dodging
 96744 | Zig:15   | whstasdfgfds
 96744 | Zig:15   | no
 96744 | Zig:15   | it wont
 96746 | Zig:15   | Reached skill level 13 in Necromancy
 96768 | Zig:15   | Identified the +1 eveningstar of Order {drain, rN+}
 96768 | Zig:15   | Identified the ring "Ghejutte" {rElec SInv}
 96899 | Zig:16   | Entered Level 16 of a ziggurat
 96914 | Zig:16   | Reached skill level 14 in Dodging
 96915 | Zig:16   | Reached skill level 14 in Necromancy
 97006 | Zig:16   | Reached skill level 15 in Necromancy
 97066 | Zig:16   | Identified the ring of Skaurph {+/*Tele Int+11 Dex-3}
 97068 | Zig:16   | Identified the ring "Keiququu" {+/*Tele rElec rC+ MR- Int+4}
 97238 | Zig:16   | Learned a level 8 spell: Necromutation
 97353 | Zig:16   | Learned a level 8 spell: Borgnjor's Revivification
 97371 | Zig:17   | Entered Level 17 of a ziggurat
 97381 | Zig:17   | uh oh
 97392 | Zig:17   | Reached skill level 15 in Dodging
 97402 | Zig:17   | Gained mutation: You expend magic power (3 MP) to slightly strengthen your wands. [a neqoxec]
 97403 | Zig:17   | Gained mutation: You have a pair of small horns on your head. [a neqoxec]
 97403 | Zig:17   | Gained mutation: You are very frail (-20% HP). [a neqoxec]
 97409 | Zig:17   | Reached skill level 6 in Transmutations
 97495 | Zig:17   | Lost mutation: You are frail (-10% HP). [potion of cure mutation]
 97495 | Zig:17   | Lost mutation: You have a pair of small horns on your head. [potion of cure mutation]
 97495 | Zig:17   | Lost mutation: You expend magic power (3 MP) to slightly strengthen your wands. [potion of cure mutation]
 97497 | Zig:17   | Identified the +7 glaive "Wotuabeo" {chop, Contam MR+ Str+2 Dex+2}
 97787 | Zig:17   | Identified the Incunabulum of Calling and Air (You found it on level 17 of a ziggurat)
 97929 | Zig:18   | Entered Level 18 of a ziggurat
 97948 | Zig:18   | Reached skill level 7 in Transmutations
 97957 | Zig:18   | Reached skill level 16 in Necromancy
 97984 | Zig:18   | Reached skill level 8 in Transmutations
 98121 | Zig:18   | Identified the +9 hunting sling "Qycveer" {venom, rElec SInv}
 98122 | Zig:18   | Identified the +9 greatsling of Parts Unknown {freeze, rElec rC- rN++ Str-2 Int+6}
 98125 | Zig:18   | Identified the cursed -1 mace "Newith" {crush, rC+ MP+9 Int-4}
 98134 | Zig:18   | Identified the Incunabulum of the Mountains and Enhancements (You found it on level 18 of a ziggurat)
 98226 | Zig:19   | Entered Level 19 of a ziggurat
 98240 | Zig:19   | Reached skill level 9 in Transmutations
 98268 | Zig:19   | Reached skill level 10 in Transmutations
 98269 | Zig:19   | Reached skill level 17 in Necromancy
 98359 | Zig:19   | Reached skill level 11 in Transmutations
 98701 | Zig:19   | Identified the +12 plate armour of Prudence {MR+ MP+9 Str-2 Int+6 Dex+3}
 98702 | Zig:19   | Identified the +7 arbalest of Oenomania {venom, Dex+3}
 98702 | Zig:19   | Identified the +2 pair of boots of the Salmon {Dex+4}
 98703 | Zig:19   | Identified the ring "Tegh" {+/*Tele rF- MR- Str+3 Int+6}
 98719 | Zig:19   | Identified Sif Muna's Compendium of Cankerous Self-Improvement (You found it on level 19 of a ziggurat)
 98729 | Zig:19   | Identified the Reference Book on Ice (You found it on level 19 of a ziggurat)
100786 | Zig:20   | Entered Level 20 of a ziggurat
100800 | Zig:20   | Reached skill level 12 in Transmutations
100803 | Zig:20   | Identified the cursed -2 falchion of Kham {pain, rElec rC- SInv}
100803 | Zig:20   | Reached skill level 18 in Necromancy
100944 | Zig:20   | Identified the Collected Works on Execration (You found it on level 20 of a ziggurat)
100962 | Zig:20   | Identified the Reference Book on the Escort (You found it on level 20 of a ziggurat)
101018 | Zig:20   | Learned a level 8 spell: Lehudib's Crystal Spear
101023 | Zig:21   | Entered Level 21 of a ziggurat
101044 | Zig:21   | Reached skill level 10 in Conjurations
101060 | Zig:21   | Reached skill level 11 in Conjurations
101204 | Zig:21   | Identified a +1 rod of inaccuracy (14/14)
101205 | Zig:21   | Identified the +0 scale mail of Purpose {MR++ rCorr}
101206 | Zig:21   | Identified the +10 trident "Vemeem" {flame, rC+ MR+ MP+9 Int+6 Stlth-}
101214 | Zig:21   | Identified Sudocw's Collected Works on Creative Darkness (You found it on level 21 of a ziggurat)
101254 | Zig:22   | Entered Level 22 of a ziggurat
101270 | Zig:22   | Reached skill level 20 in Evocations
101272 | Zig:22   | Identified a +0 pearl dragon armour
101274 | Zig:22   | Reached skill level 12 in Conjurations
101279 | Zig:22   | ow
101617 | Zig:22   | Identified the Catalogue of Summoning (You found it on level 22 of a ziggurat)
101654 | Zig:23   | Entered Level 23 of a ziggurat
101679 | Zig:23   | Reached skill level 13 in Conjurations
101688 | Zig:23   | Reached skill level 21 in Evocations
101726 | Zig:23   | what even is this floor
101751 | Zig:23   | Identified the ring of the Stag {Str+3 SInv}
101751 | Zig:23   | Identified the cursed -1 plate armour of Shielding {Stlth+}
101752 | Zig:23   | Identified the ring of Titroept {rElec rF- rC+ SInv}
101753 | Zig:23   | Identified the +6 whip of the Dungeon {slash, rC- Int+4}
101754 | Zig:23   | Identified the +7 hunting sling "Ziuduuzo" {velocity, Str+3}
101971 | Zig:23   | Learned a level 6 spell: Haste
101982 | Zig:23   | Reached skill level 14 in Conjurations
101990 | Zig:23   | Identified the cursed ring of Mnevy {Contam MR+ Int+7 Dex+2 Stlth+} (You acquired it on level 23 of a ziggurat)
101993 | Zig:23   | sure
101995 | Zig:23   | Identified the cursed amulet of Vuint {MR- Regen+ MP+9 Dex+4} (You acquired it on level 23 of a ziggurat)
102069 | Zig:24   | Entered Level 24 of a ziggurat
102088 | Zig:24   | Reached skill level 2 in Ice Magic
102088 | Zig:24   | Reached skill level 3 in Ice Magic
102093 | Zig:24   | Noticed an ancient lich
102093 | Zig:24   | Reached skill level 4 in Ice Magic
102094 | Zig:24   | Noticed an ancient lich
102095 | Zig:24   | Reached skill level 5 in Ice Magic
102095 | Zig:24   | Killed an ancient lich
102095 | Zig:24   | Reached skill level 7 in Ice Magic
102096 | Zig:24   | Noticed an ancient lich
102097 | Zig:24   | Noticed an ancient lich
102097 | Zig:24   | Reduced skill Ice Magic to level 6
102097 | Zig:24   | Reached skill level 7 in Ice Magic
102097 | Zig:24   | Killed an ancient lich
102097 | Zig:24   | Reached skill level 8 in Ice Magic
102099 | Zig:24   | Reached skill level 9 in Ice Magic
102099 | Zig:24   | Reduced skill Ice Magic to level 8
102099 | Zig:24   | Reached skill level 9 in Ice Magic
102099 | Zig:24   | Killed an ancient lich
102099 | Zig:24   | Reduced skill Ice Magic to level 8
102099 | Zig:24   | Reached skill level 10 in Ice Magic
102100 | Zig:24   | Reduced skill Ice Magic to level 9
102100 | Zig:24   | Reached skill level 10 in Ice Magic
102101 | Zig:24   | Killed an ancient lich
102101 | Zig:24   | Reduced skill Ice Magic to level 9
102101 | Zig:24   | Reached skill level 20 in Fighting
102101 | Zig:24   | Reached skill level 10 in Ice Magic
102103 | Zig:24   | Reached skill level 11 in Ice Magic
102103 | Zig:24   | Reduced skill Ice Magic to level 10
102103 | Zig:24   | Reached skill level 11 in Ice Magic
102105 | Zig:24   | Reduced skill Ice Magic to level 10
102105 | Zig:24   | Reached skill level 11 in Ice Magic
102107 | Zig:24   | Noticed an ancient lich
102107 | Zig:24   | Killed an ancient lich
102109 | Zig:24   | Reached skill level 21 in Fighting
102135 | Zig:24   | Identified the amulet of Frufuamo {Spirit -Tele rF+ Dex+4 SInv Stlth+}
102135 | Zig:24   | Identified the +6 hunting sling of Intuition {venom, +Inv rC+}
102137 | Zig:24   | Identified a +4 rod of the swarm (13/13)
102138 | Zig:24   | Identified the amulet "Jiag" {Ward +Fly rElec rN+ Dex-2}
102139 | Zig:24   | Identified the cursed -2 short sword of Action {pierce, -Tele rPois rN+ Int+4}
102143 | Zig:24   | Identified a +4 rod of clouds (12/12)
102147 | Zig:24   | frufuamo
102223 | Zig:25   | Entered Level 25 of a ziggurat
102248 | Zig:25   | Noticed an ancient lich
102248 | Zig:25   | Noticed an ancient lich
102248 | Zig:25   | Killed an ancient lich
102253 | Zig:25   | Killed an ancient lich
102253 | Zig:25   | Reached skill level 22 in Fighting
102254 | Zig:25   | Noticed an ancient lich
102255 | Zig:25   | Noticed an ancient lich
102256 | Zig:25   | Killed an ancient lich
102257 | Zig:25   | Noticed an ancient lich
102258 | Zig:25   | Killed an ancient lich
102260 | Zig:25   | Noticed an ancient lich
102260 | Zig:25   | Killed an ancient lich
102261 | Zig:25   | Noticed an ancient lich
102261 | Zig:25   | Noticed an ancient lich
102261 | Zig:25   | Killed an ancient lich
102262 | Zig:25   | Noticed an ancient lich
102264 | Zig:25   | Noticed an ancient lich
102264 | Zig:25   | Killed an ancient lich
102264 | Zig:25   | Reached skill level 23 in Fighting
102264 | Zig:25   | Killed an ancient lich
102265 | Zig:25   | Killed an ancient lich
102265 | Zig:25   | Killed an ancient lich
102266 | Zig:25   | Noticed an ancient lich
102270 | Zig:25   | Killed an ancient lich
102329 | Zig:25   | Identified the cursed -3 plate armour of Resilience {Regen+ Str+3}
102330 | Zig:25   | Identified the cursed +1 trident "Killer Klown's Curse" {pierce, rC+}
102332 | Zig:25   | Identified the ring of Smaischo {Ice rPois MR+ Dex+3}
102333 | Zig:25   | Identified the +11 blowgun "Sheuf Uzafa" {speed, +Blink Dex+3}
102397 | Zig:25   | Reached skill level 24 in Fighting
102618 | Zig:26   | Entered Level 26 of a ziggurat
102651 | Zig:26   | Noticed Traeptewe the pandemonium lord
102653 | Zig:26   | Reached skill level 25 in Fighting
102664 | Zig:26   | Killed Traeptewe the pandemonium lord
102700 | Zig:26   | wow my piety
102700 | Zig:26   | also: im dying to demonspawn
103070 | Zig:26   | Identified the ring "Thin" {rF+ EV+2}
103072 | Zig:26   | Identified the ring of Obsession {Contam rElec rC+ MR++ Int+2 Dex-4}
103074 | Zig:26   | Identified the +6 mace "Straerph" {crush, -Tele rF+ Str-3 Int+3 Dex+4}
103074 | Zig:26   | Identified the cursed -2 troll leather armour of the Lost Runes {Regen+ Dex+3}
103076 | Zig:26   | Identified the +6 scale mail of Peudaot {Dex+10}
103078 | Zig:26   | thin
103121 | Zig:26   | Reached skill level 26 in Fighting
103153 | Zig:26   | Identified The Arcane Secrets of Wizardry (You found it on level 26 of a ziggurat)
103215 | Zig:27   | Entered Level 27 of a ziggurat
103242 | Zig:27   | help all my int
103246 | Zig:27   | better not max fighting, i need a good title!
103247 | Zig:27   | Reached skill level 22 in Evocations
103273 | Zig:27   | whats cawing
103273 | Zig:27   | are those more shard shrikes
103396 | Zig:27   | Reached skill level 16 in Dodging
103424 | Zig:27   | Identified the cursed +2 dagger "Man Sasmuu" {flame, rN+ Str-2 Dex+4}
103426 | Zig:27   | Identified a +7 rod of the swarm (13/13)
103428 | Zig:27   | Identified the +1 morningstar of the Stoat {vamp, rPois rC+}
103483 | Zig:27   | wow +6
103563 | Depths:5 | hi
104551 | Lair:1   | Learned a level 9 spell: Fire Storm
104906 | Pan      | Entered Pandemonium
104932 | Pan      | Reached skill level 8 in Fire Magic
104945 | Pan      | Identified the +0 pair of boots of Claupas {rElec MR+ Dex-2}
104962 | Pan      | Reached skill level 15 in Conjurations
104976 | Pan      | Noticed Pudaten the pandemonium lord
104987 | Pan      | Killed Pudaten the pandemonium lord
104990 | Pan      | Reached skill level 9 in Fire Magic
105024 | Pan      | wh...
105207 | Pan      | Found an exit through the horrors of the Abyss.
105264 | Depths:3 | Escaped Pandemonium
105943 | Pan      | Entered Pandemonium
106027 | Pan      | Noticed Tron the pandemonium lord
106034 | Pan      | Killed Tron the pandemonium lord
106081 | Pan      | Reached skill level 10 in Fire Magic
106130 | Pan      | aaa
106155 | Pan      | Reached skill level 16 in Conjurations
106182 | Pan      | uh
106240 | Pan      | Found an exit through the horrors of the Abyss.
106550 | Pan      | Reached skill level 11 in Fire Magic
106686 | Pan      | Found an exit through the horrors of the Abyss.
106767 | Pan      | Took an exit into the Abyss.
106767 | Abyss:1  | Escaped into the Abyss
106859 | Abyss:3  | hurrah
106929 | Abyss:3  | Reduced skill Ice Magic to level 10
106934 | Abyss:3  | Got an abyssal rune of Zot
106939 | Abyss:3  | Reached skill level 19 in Necromancy
106989 | Abyss:3  | wow wretched stars op against lichform
107012 | Depths:3 | Escaped the Abyss
107343 | Lair:1   | oh i can't learn any cool spells
107346 | Lair:1   | Learned a level 2 spell: Song of Slaying
107808 | Lair:1   | Gained mutation: Your mind is acute. (Int +2) [potion of beneficial mutation]
107809 | Lair:1   | Gained mutation: You are partially covered in rugged brown scales (AC +1, +3% HP). [potion of beneficial mutation]
107810 | Lair:1   | Gained mutation: You are resistant to hostile enchantments. [potion of beneficial mutation]
107811 | Lair:1   | Gained mutation: You are somewhat resistant to further mutation. [potion of beneficial mutation]
107812 | Lair:1   | Gained mutation: You possess an exceptional clarity of mind. [potion of beneficial mutation]
108207 | Zot:1    | Entered Level 1 of the Realm of Zot
108245 | Zot:1    | Reduced skill Ice Magic to level 9
108360 | Zot:1    | Reached skill level 20 in Necromancy
108361 | Zot:1    | Reduced skill Ice Magic to level 8
109059 | Zot:2    | Noticed an orb of fire
109064 | Zot:2    | Killed an orb of fire
109098 | Zot:2    | Reached skill level 21 in Necromancy
109109 | Zot:2    | hmm thats a long way to 27 necro
109561 | Zot:2    | Reduced skill Ice Magic to level 7
110026 | Zot:2    | Reduced skill Ice Magic to level 6
110057 | Zot:2    | Reached skill level 22 in Necromancy
110057 | Zot:2    | Reduced skill Ice Magic to level 5
110646 | Zot:3    | Reached skill level 23 in Necromancy
110732 | Zot:3    | Identified a +0 swamp dragon armour
111240 | Zot:3    | Noticed an orb of fire
111243 | Zot:3    | Killed an orb of fire
111427 | Zot:4    | Reached skill level 24 in Necromancy
111681 | Zot:4    | Noticed an orb of fire
111866 | Zot:4    | Killed an orb of fire
111866 | Zot:4    | Reached skill level 25 in Necromancy
112417 | Zot:5    | Entered Level 5 of the Realm of Zot
112504 | Zot:5    | getting there
112624 | Zot:5    | Reached skill level 26 in Necromancy
112680 | Zot:5    | Noticed an ancient lich
112687 | Zot:5    | Killed an ancient lich
112689 | Zot:5    | Noticed an orb of fire
112689 | Zot:5    | hi
112695 | Zot:5    | Killed an orb of fire
112705 | Zot:5    | Reached skill level 27 in Necromancy
112706 | Zot:5    | hurrah
112797 | Zot:5    | Noticed an orb of fire
112799 | Zot:5    | Noticed an orb of fire
112803 | Zot:5    | Reached skill level 27 in Fighting
112803 | Zot:5    | Reached skill level 23 in Evocations
112806 | Zot:5    | Noticed an orb of fire
112808 | Zot:5    | Killed an orb of fire
113035 | Zot:5    | Killed an orb of fire
113054 | Zot:5    | Got the Orb of Zot
113079 | Zot:5    | Noticed Skifaab the pandemonium lord
113082 | Zot:5    | Killed Skifaab the pandemonium lord
113105 | Zot:5    | Killed an orb of fire
113105 | Zot:5    | Reached skill level 24 in Evocations
113117 | Zot:5    | Noticed Pleotics the pandemonium lord
113117 | Zot:5    | Noticed an ancient lich
113118 | Zot:5    | Killed an ancient lich
113121 | Zot:5    | Killed Pleotics the pandemonium lord
113226 | Zot:1    | Noticed Emiohu Doudgh the pandemonium lord
113229 | Zot:1    | Killed Emiohu Doudgh the pandemonium lord
113474 | Depths:1 | Reached skill level 25 in Evocations
113500 | Depths:1 | Noticed Chinum the pandemonium lord
113506 | Depths:1 | Killed Chinum the pandemonium lord
113536 | Depths:1 | Noticed Wuisif the pandemonium lord
113553 | D:15     | Noticed Loliapte the pandemonium lord
113558 | D:15     | Killed Loliapte the pandemonium lord
113579 | D:14     | Noticed Saeclaesh the pandemonium lord
113581 | D:14     | Killed Saeclaesh the pandemonium lord
113836 | Temple   | Fell from the grace of Ashenzari
113836 | Temple   | Became a worshipper of Kikubaaqudgha
114128 | D:1      | Killed a wolf
114128 | D:1      | Killed a black bear
114128 | D:1      | Killed a wyvern
114129 | D:1      | rip word vault
114140 | D:1      | Acquired Kikubaaqudgha's first power
114140 | D:1      | Received a gift from Kikubaaqudgha
114140 | D:1      | Killed a water moccasin
114147 | D:$      | Escaped with the Orb!

Vanquished Creatures
  the royal jelly (Slime:6)
  7 orbs of fire
  18 ancient liches
  Boris (Depths:3)
  Sojobo (Vaults:4)
  7 caustic shrikes
  11 pandemonium lords
  Saint Roka (Orc:4)
  14 shard shrikes
  3 curse toes
  4 Killer Klowns
  Mennas (Vaults:4)
  Geryon (Hell)
  23 golden dragons
  4 profane servitors
  Xtahua (Vaults:2)
  7 pearl dragons (Zig:13)
  6 bone dragons
  2 spellforged servitors
  4 electric golems
  9 Brimstone Fiends
  The ghost of BLOAX the Brawler, a mighty MiFi of Cheibriados (Vaults:5)
  3 hellephants
  15 liches
  42 tentacled monstrosities
  5 Hell Sentinels
  14 Ice Fiends
  27 Orb Guardians
  25 large abominations
  5 Shadow Fiends
  Asterion (Shoals:1)
  A deep elf blademaster (Elf:3)
  10 deep elf master archers
  23 acid blobs
  18 titans
  11 Executioners
  6 sphinxes
  A kraken (Shoals:2)
  4 quicksilver dragons
  13 ancient champions
  7 octopode crushers (Zig:23)
  8 shadow dragons
  An eldritch tentacle (Depths:4)
  5 warmongers
  6 tentacled starspawn
  Agnes (Vaults:1)
  24 tengu reavers
  9 storm dragons
  2 thorn hunters
  7 draconian monks
  An azure jelly (shapeshifter) (Zig:10)
  10 revenants
  Ilsuiw (Shoals:5)
  4 corrupters
  13 fire giants
  15 greater nagas
  4 daevas
  6 ghost moths
  38 frost giants
  Maud (Elf:1)
  7 cacodemons
  24 azure jellies
  20 vault wardens
  7 draconian scorchers
  An iron dragon (Hell)
  Aizul (Snake:4)
  Louise (Snake:4)
  5 orc warlords
  25 draconian knights
  6 curse skulls
  The ghost of herpmino the Severer, a powerful FoGl of Makhleb (Shoals:1)
  10 emperor scorpions
  Gastronok (D:8)
  12 balrugs
  11 draconian zealots
  9 deep elf sorcerers
  19 reapers
  Jorgrun (Shoals:5)
  A stone giant (shapeshifter) (Zig:10)
  5 angels
  18 ghouls
  5 war gargoyles
  6 draconian annihilators
  6 very ugly things
  37 stone giants
  6 vampire knights
  An ophan (Zig:13)
  8 draconian shifters
  4 draconian callers
  19 ironheart preservers
  8 spriggan defenders
  5 deep elf demonologists
  A salamander firebrand (Hell)
  An apis (Zig:13)
  8 grey draconians
  12 black draconians
  2 blood saints (Zig:26)
  8 purple draconians
  9 yellow draconians
  14 deep elf annihilators
  11 white draconians
  6 lorocyprocas
  9 mottled draconians
  5 chaos champions
  12 dire elephants
  9 green draconians
  3 pale draconians
  13 red draconians
  5 black suns (Zig:26)
  3 minotaurs
  28 vault guards
  13 jiangshi
  18 blizzard demons
  Snorg (Shoals:5)
  24 merfolk javelineers
  18 eidola
  A mummy priest (Crypt:3)
  10 merfolk impalers
  2 unborn (Zig:18)
  27 yaktaur captains
  16 deep elf death magi
  17 ettins
  2 crystal guardians
  15 fire dragons
  8 death oozes
  Josephine (D:14)
  18 green deaths
  10 deep elf high priests
  9 rakshasas
  Fannar (Elf:2)
  9 great orbs of eyes
  Harold (D:15)
  18 naga warriors
  40 ice dragons
  4 death cobs
  8 spriggan air magi
  5 monstrous demonspawn
  An ice dragon (shapeshifter) (Depths:4)
  Erica (D:13)
  2 satyrs
  3 merfolk avatars
  16 centaur warriors
  4 ghost crabs
  20 hydras
  A caustic shrike simulacrum (Zig:19)
  19 dancing weapons
  18 ogre magi
  6 deep troll earth magi
  37 death yaks
  3 anacondas
  7 merfolk aquamancers
  11 tengu warriors
  7 death knights
  11 hell beasts
  3 orc high priests
  2 titan zombies
  8 vampire magi
  9 deep troll shamans
  9 spriggan berserkers
  Urug (D:12)
  5 thrashing horrors
  24 naga sharpshooters
  A storm dragon zombie (Vaults:2)
  3 shock serpents
  Nergalle (Orc:4)
  22 deep elf knights
  6 shadow wraiths
  An iron golem (Zig:9)
  4 salamander mystics
  8 soul eaters
  10 catoblepae
  10 hell hogs
  5 wretched stars
  13 sun demons
  A fire crab (Vaults:4)
  4 unseen horrors
  65 skeletal warriors
  6 iron trolls
  2 spatial maelstroms (Zig:17)
  19 hell knights
  16 sea snakes
  3 storm dragon skeletons
  A gelid demonspawn (Pan)
  A fire crab (shapeshifter) (Vaults:4)
  3 putrid demonspawn (Pan)
  14 flayed ghosts
  8 giant orange brains
  A death drake (Depths:4)
  5 swamp dragons
  A golden dragon zombie (Zig:4)
  5 spriggan druids
  A sea snake (shapeshifter) (Zig:10)
  4 wizards
  2 infernal demonspawn
  2 ghost moth zombies (Crypt:3)
  Erolcha (D:8)
  12 hill giants
  2 starcursed masses (Abyss:3)
  A spectral hydra (Crypt:1)
  7 naga ritualists
  43 deep trolls
  5 shambling mangroves
  A golden dragon skeleton (Crypt:1)
  2 ice statues (IceCv)
  17 ice devils
  A giant orange brain (shapeshifter) (Vaults:2)
  4 torturous demonspawn
  A sphinx zombie (Vaults:2)
  11 deep elf summoners
  4 anaconda zombies
  35 harpies
  19 ironbrand convokers
  5 shining eyes
  2 cherubim (Zig:13)
  9 shadow demons
  2 tengu zombies
  17 orc knights
  A shadow dragon zombie (Crypt:3)
  An orb spider (Zig:17)
  4 hornets
  6 orc sorcerers
  A salamander (shapeshifter) (Vaults:2)
  5 mana vipers
  20 manticores
  24 phantasmal warriors
  50 ugly things
  11 deep elf conjurers
  14 necromancers
  A fire giant zombie (Zig:9)
  A wolf spider (shapeshifter) (Vaults:5)
  12 griffons
  2 frost giant zombies
  6 water nymphs
  5 oklob plants
  14 wolf spiders
  2 orb spiders (shapeshifter) (Vaults:2)
  5 stone giant zombies
  19 sixfirhies
  9 fauns
  2 worldbinders
  2 draconians (shapeshifter)
  14 salamanders
  A sphinx skeleton (Depths:2)
  24 vault sentinels
  10 sirens
  26 moths of wrath
  17 cyclopes
  A shining eye (shapeshifter) (Elf:2)
  A griffon (shapeshifter) (Vaults:5)
  10 rust devils
  5 eyes of devastation
  A draconian skeleton (Zot:5)
  2 apocalypse crabs
  2 titan simulacra
  A stone giant skeleton (Vaults:2)
  6 guardian serpents
  Joseph (Orc:2)
  An alligator snapping turtle zombie (Crypt:2)
  A queen ant (shapeshifter) (Vaults:5)
  8 elephants
  An orange crystal statue (Zig:8)
  15 smoke demons
  A spiny frog (shapeshifter) (Elf:3)
  Psyche (Orc:2)
  34 naga magi
  A storm dragon simulacrum (Vaults:3)
  A dire elephant skeleton (Zig:5)
  62 yaktaurs
  38 black mambas
  18 orange demons
  7 fire drakes
  4 demonic crawlers
  36 spiny frogs
  6 tengu conjurers
  A fulminant prism (Zig:10)
  An ancient zyme (Zig:17)
  4 efreet
  11 komodo dragons
  4 hellions
  A redback zombie (Vaults:3)
  2 purple draconian skeletons (Zot:5)
  2 kobold demonologists
  A red draconian skeleton (Zot:5)
  A yaktaur skeleton (Vaults:3)
  7 tormentors
  4 wandering mushrooms
  A yaktaur (shapeshifter) (Zig:17)
  15 deep elf priests
  2 human skeletons (Vaults:3)
  3 hydra zombies (Hell)
  39 merfolk
  24 two-headed ogres
  2 elves (shapeshifter)
  4 silent spectres
  A raiju (shapeshifter) (Vaults:5)
  15 red devils
  13 hellwings
  15 freezing wraiths
  2 guardian mummies (Crypt:3)
  2 komodo dragons (shapeshifter)
  A giant leech (shapeshifter) (Zig:24)
  9 blue devils
  11 trolls
  2 wind drakes
  A wolf spider simulacrum (Crypt:1)
  Sonja (D:11)
  A merfolk (shapeshifter) (Zig:10)
  A golden dragon simulacrum (Zig:27)
  A harpy zombie (Crypt:3)
  A hydra skeleton (Hell)
  2 tengu simulacra
  135 slime creatures
  A harpy skeleton (D:15)
  A polar bear (Lair:8)
  Prince Ribbit (D:8)
  A fire vortex (Zig:10)
  A hornet zombie (D:15)
  9 jumping spiders
  32 ravens
  2 human simulacra
  2 snapping turtles (shapeshifter)
  A blink frog (shapeshifter) (Depths:2)
  2 raiju
  5 snapping turtles
  11 air elementals
  A basilisk (shapeshifter) (Vaults:3)
  3 ettin zombies
  11 bog bodies
  A griffon zombie (Crypt:1)
  A trapdoor spider zombie (D:14)
  A fire dragon zombie (Crypt:3)
  A raven (shapeshifter) (Vaults:3)
  An ushabti (Crypt:3)
  4 giant leeches
  2 spriggan zombies (Zig:9)
  A fire giant simulacrum (Crypt:1)
  12 boulder beetles
  2 alligator zombies (Hell)
  17 blink frogs
  A spriggan simulacrum (Zig:27)
  4 basilisks
  An elf zombie (Depths:2)
  22 water elementals
  An ettin skeleton (Crypt:1)
  An elf simulacrum (Zig:27)
  63 yaks
  4 flying skulls
  14 redbacks
  16 wraiths
  A tarantella (shapeshifter) (D:15)
  A wyvern (shapeshifter) (Depths:3)
  A hill giant zombie (D:14)
  2 fire dragon skeletons
  7 fire elementals (Hell)
  2 alligator skeletons
  4 vampires
  5 trapdoor spiders
  9 ynoxinuls
  9 spriggans
  16 hippogriffs
  8 wyverns
  2 humans (shapeshifter)
  A fire bat (Volcano)
  30 deep elf magi
  8 shadows
  16 humans (D:14)
  10 neqoxecs
  49 nagas
  3 mottled dragons
  4 hungry ghosts
  A tarantella (Depths:2)
  47 deep elf fighters
  5 golden eyes
  A yaktaur simulacrum (Vaults:3)
  A steam dragon (D:11)
  6 chaos spawn
  30 vampire mosquitoes
  2 hogs
  Edmund (D:6)
  2 spatial vortices (Depths:4)
  2 hydra simulacra (Crypt:1)
  2 soldier ants (shapeshifter)
  A water nymph zombie (Crypt:1)
  14 wolves
  2 insubstantial wisps
  47 water moccasins
  17 porcupines
  7 raven skeletons (Crypt:3)
  4 wargs
  11 hell hounds
  A swamp drake (shapeshifter) (Depths:4)
  3 small abominations
  2 spiny frog zombies
  Purgy (Sewer)
  The ghost of herpmino the Skirmisher, an average NaMo (D:3)
  A deep troll skeleton (Vaults:3)
  An eye of draining (shapeshifter) (Depths:4)
  34 ice beasts
  A snapping turtle zombie (Crypt:3)
  12 swamp drakes
  13 wasps
  3 spiders
  43 orc warriors
  12 boggarts
  A manticore zombie (Crypt:3)
  70 ogres
  4 phantoms
  6 black bears
  6 boring beetles
  21 necrophages
  18 eyes of draining
  7 sky beasts
  23 centaurs
  3 lost souls
  2 snapping turtle skeletons (Crypt:1)
  A vampire mosquito zombie (D:14)
  Duvessa (D:5)
  3 big kobolds
  31 giant frogs
  A wyvern zombie (Crypt:2)
  Blork the orc (D:8)
  19 crocodiles
  A fire drake skeleton (Crypt:2)
  A vine stalker zombie (Crypt:1)
  A cyclops zombie (Crypt:2)
  A gnoll sergeant (D:12)
  A water moccasin zombie (D:9)
  A wyvern skeleton (D:14)
  A cyclops skeleton (Crypt:1)
  22 killer bees
  5 scorpions
  A vampire bat (Depths:4)
  3 wights (D:5)
  2 snapping turtle simulacra
  32 jellies
  An orc simulacrum (Vaults:1)
  A scorpion (shapeshifter) (Zig:24)
  A raiju skeleton (Crypt:2)
  An elf skeleton (Vaults:3)
  6 electric eels
  2 goliath beetles
  Dowan (D:5)
  4 crimson imps
  10 hounds
  4 centaur skeletons
  6 centaur zombies
  30 orc priests
  Crazy Yiuf (D:5)
  9 human zombies
  3 quasits (Zig:17)
  5 iron imps
  3 giant frog skeletons
  45 orc wizards
  4 sheep
  7 iguanas
  3 lightning spires
  8 worker ants
  A hell rat (Elf:3)
  A porcupine skeleton (Crypt:2)
  A mottled dragon zombie (Crypt:1)
  2 hound zombies
  A tengu skeleton (Crypt:2)
  2 hound skeletons
  3 mummies
  42 adders
  6 gnolls
  71 river rats
  2 white imps
  3 giant mites
  7 shadow imps
  5 worms
  15 ufetubi
  2 adder zombies
  2 adder skeletons
  11 giant geckos
  206 orcs
  15 bats
  2 bat skeletons
  2 bat zombies (D:8)
  20 hobgoblins
  28 kobolds
  17 quokkas
  2 ball pythons
  4 giant cockroaches
  7 giant newts
  A giant spore (D:12)
  31 goblins
  5 jackals
  2 jackal skeletons
  A kobold skeleton (Crypt:1)
  An orc skeleton (Crypt:1)
  2 orc zombies (D:14)
  23 rats
  23 briar patches
  A bush (Lair:7)
  A butterfly (Lair:8)
  A crawling corpse (Elf:3)
  6 fungi
  10 plants
  A starspawn tentacle segment (Zig:17)
  2 tentacles
  A tentacle segment (Shoals:2)
4663 creatures vanquished.

Vanquished Creatures (collateral kills)
  A shard shrike (Zig:19)
  Norris (Snake:3)
  An acid blob (Slime:6)
  A kraken (Shoals:4)
  A vault warden (Vaults:5)
  An ironheart preserver (Vaults:5)
  2 deep elf annihilators (Elf:3)
  A death ooze (Slime:6)
  A hell beast (Hell)
  A deep elf high priest (Elf:3)
  2 merfolk impalers (Shoals:5)
  A great orb of eyes (Slime:6)
  2 naga sharpshooters (Snake:5)
  A wretched star (Zig:11)
  A swamp dragon (Zig:23)
  A spatial maelstrom (Zig:11)
  A naga ritualist (Snake:5)
  An orb spider (Zig:23)
  A fire elemental (Slime:6)
  A small abomination (Elf:3)
  A shining eye (Zig:11)
  A moth of wrath (Zig:23)
  A rust devil (Elf:3)
  2 nagas (Snake:5)
  A spatial vortex (Zig:17)
  2 eyes of draining
  A crawling corpse (Elf:3)
32 creatures vanquished.

Vanquished Creatures (others)
  Margery (Vaults:5)
  A golden dragon (Zig:24)
  A lich (Depths:4)
  An eldritch tentacle (Depths:4)
  A sphinx (Depths:4)
  A pandemonium lord (Zig:10)
  A tengu reaver (Vaults:5)
  A fire giant (Depths:4)
  A ghost moth (Zig:23)
  A stone giant (Vaults:2)
  An ophan (Zig:13)
  A deep elf annihilator (Elf:3)
  A deep elf high priest (Elf:3)
  A death cob (Zot:2)
  7 hell beasts
  A centaur warrior (Depths:2)
  2 cherubim (Zig:13)
  A deep elf knight (Elf:2)
  2 ball lightnings (Depths:4)
  3 water elementals
  A faun (Shoals:2)
  A necromancer (Hell)
  A moth of wrath (Zot:2)
  2 drowned souls (Shoals:5)
  6 fire elementals
  A vault sentinel (Vaults:2)
  A naga mage (Depths:4)
  2 yaktaurs
  A freezing wraith (Vaults:5)
  A merfolk (Shoals:3)
  A slime creature (Slime:6)
  14 air elementals
  A ynoxinul (Zig:13)
  A spriggan (Zig:21)
  2 ogres
  3 centaurs
  A wasp (Zig:21)
  9 lost souls
  2 ufetubi (Pan)
  A giant gecko (D:7)
  2 lurking horrors (Zig:17)
  61 eldritch tentacle segments (Depths:4)
  4 fungi
  11 plants
  4 starspawn tentacles (Zig:17)
  20 starspawn tentacle segments (Zig:17)
  15 tentacles
  201 tentacle segments
400 creatures vanquished.

Grand Total: 5095 creatures vanquished
